 Dungeon Crawl Stone Soup version 0.24-a0-244-ga6a6ab7d13 (webtiles) character file.

Game seed: 9003954473077974483

1603486 Flugkiller the Slayer (level 27, 220/220 HPs)
             Began as a Halfling Chaos Knight on Apr 11, 2019.
             Was a Favourite Plaything of Xom.
             Escaped with the Orb
             ... and 3 runes!
             The game lasted 03:47:24 (83586 turns).

Flugkiller the Slayer (Halfling Chaos Knight)      Turns: 83586, Time: 03:47:25

Health: 220/220    AC: 56    Str: 24    XL:     27
Magic:  37/37      EV: 20    Int: 10    God:    Xom [......]
Gold:   5768       SH:  9    Dex: 21    Spells: 26/26 levels left

rFire    + . .     SeeInvis .   b - +9 demon whip (elec)
rCold    + + .     Gourm    .   z - +2 buckler
rNeg     + . .     Faith    .   Y - +12 crystal plate armour
rPois    +         Spirit   +   S - +1 hat
rElec    +         Reflect  .   w - +4 dragonskin cloak
rCorr    +         Harm     .   e - +0 pair of gloves of Esoirer {rElec rC++ rCorr Str+3 Dex+2}
MR       +++..                  F - +2 pair of boots {run}
Stlth    ..........             l - amulet of Vibrale {Spirit Slay+2}
HPRegen  1.26/turn              j - ring of protection from magic
MPRegen  0.25/turn              H - ring of protection from fire

@: quick
A: small, claws 1, mutation resistance 1, regeneration 2
0: Orb of Zot
}: 3/15 runes: barnacled, abyssal, gossamer
a: Renounce Religion


You escaped.
You worshipped Xom.
You were a very special plaything of Xom.
You were not hungry.

You visited 10 branches of the dungeon, and saw 49 of its levels.
You visited the Abyss 3 times.
You also visited: Trove, Ossuary, Gauntlet, Ice Cave and Volcano.

You collected 9809 gold pieces.
You spent 4041 gold pieces at shops.

Inventory:

Hand Weapons
 b - a +9 demon whip of electrocution (weapon)
   (You took it off a balrug on level 2 of the Elven Halls)
Missiles
 x - 15 throwing nets (quivered)
Armour
 e - the +0 pair of gloves of Esoirer (worn) {rElec rC++ rCorr Str+3 Dex+2}
   (You bought it in a shop on level 2 of the Orcish Mines)

   It affects your strength (+3).
   It affects your dexterity (+2).
   It greatly protects you from cold.
   It insulates you from electricity.
   It provides partial protection from all sources of acid and corrosion.
 s - a scarf of resistance
   (You found it on level 13 of the Dungeon)
 w - the +4 dragonskin cloak (worn)
   (You took it off Tiamat on level 1 of the Realm of Zot)
 z - a +2 buckler (worn)
   (You found it on level 1 of the Depths)
 F - a +2 pair of boots of running (worn)
   (You found it on level 12 of the Dungeon)
 Q - a +2 cloak of invisibility
   (You took it off a draconian scorcher on level 5 of the Realm of Zot)
 S - a +1 hat (worn)
   (You found it on level 8 of the Dungeon)
 Y - a +12 crystal plate armour (worn)
   (You found it in an ice cave)
Jewellery
 j - a ring of protection from magic (left hand)
   (You found it on level 2 of the Dungeon)
 l - the amulet of Vibrale (around neck) {Spirit Slay+2}
   (You found it in a treasure trove)

   [amulet of guardian spirit]

   It causes incoming damage to be split between your health and magic.
   It affects your accuracy and damage with ranged weapons and melee attacks
   (+2).
 o - the ring of Res Nullius {*Corrode rF+ rC++ Int+2 Stlth+}
   (You found it on level 3 of the Lair of Beasts)

   [ring of protection from fire]

   It affects your intelligence (+2).
   It protects you from fire.
   It greatly protects you from cold.
   It may corrode you when you take damage.
   It makes you more stealthy.
 B - an uncursed ring of protection from magic
   (You found it on level 4 of the Vaults)
 H - a ring of protection from fire (right hand)
   (You found it on level 3 of the Elven Halls)
 X - a +5 ring of protection
   (You found it on level 4 of the Lair of Beasts)
Wands
 f - a wand of digging (14)
   (You found it on level 4 of the Spider Nest)
 n - a wand of disintegration (16)
   (You found it on level 6 of the Dungeon)
 p - a wand of clouds (13)
   (You found it on level 2 of the Dungeon)
 A - a wand of scattershot (4)
   (Xom gifted it to you on level 6 of the Lair of Beasts)
 C - a wand of acid (9)
   (You found it on level 6 of the Dungeon)
 J - a wand of enslavement (11)
   (You bought it in a shop on level 2 of the Orcish Mines)
 L - a wand of paralysis (11)
   (You found it in an ossuary)
 R - a wand of iceblast (52)
   (You found it on level 9 of the Dungeon)
Scrolls
 r - 9 scrolls of fog
 y - 2 scrolls of identify
 G - 4 scrolls of immolation
 M - 7 scrolls of blinking
 N - 4 scrolls of magic mapping
 O - 13 scrolls of remove curse
 T - 2 scrolls of fear
 V - 5 scrolls of summoning
 Z - 9 scrolls of teleportation
Potions
 d - 2 potions of cancellation
 h - 7 potions of curing
 i - 3 potions of might
 m - 3 potions of magic
 q - 4 potions of resistance
 t - 6 potions of berserk rage
 u - 4 potions of haste
 D - 5 potions of agility
 E - 4 potions of mutation
 K - 7 potions of ambrosia
 P - 6 potions of heal wounds
 W - 4 potions of invisibility
Miscellaneous
 a - 3 sacks of spiders
 g - 3 boxes of beasts
 k - a phial of floods
   (You bought it in a shop on level 1 of the Elven Halls)
 I - a lamp of fire
   (You found it in a Gauntlet)
 U - 4 phantom mirrors
Comestibles
 c - 56 rations


   Skills:
 * Level 26.2 Fighting
   Level 14.5(15.3) Axes
 - Level 8.4(12.0) Maces & Flails
   Level 14.0 Slings
 + Level 26.0 Armour
 - Level 16.0 Dodging
 - Level 5.6 Shields
 + Level 21.8 Evocations


You had 26 spell levels left.
You didn't know any spells.
Your spell library contained the following spells:

 Spells                   Type           Power        Failure   Level  Hunger
 Animate Skeleton         Necr           N/A          97%         1    ##.....
 Apportation              Tloc           #.....       97%         1    ##.....
 Beastly Appendage        Tmut           #.....       97%         1    ##.....
 Confusing Touch          Hex            #.....       97%         1    ##.....
 Corona                   Hex            #......      97%         1    ##.....
 Flame Tongue             Conj/Fire      #....        97%         1    ##.....
 Freeze                   Ice            #...         97%         1    ##.....
 Infusion                 Chrm           #...         97%         1    ##.....
 Magic Dart               Conj           #...         97%         1    ##.....
 Sandblast                Erth           #.....       97%         1    ##.....
 Shock                    Conj/Air       #...         97%         1    ##.....
 Sting                    Conj/Pois      #...         97%         1    ##.....
 Summon Small Mammal      Summ           #...         97%         1    ##.....
 Blink                    Tloc           N/A          99%         2    ###....
 Corpse Rot               Necr           N/A          99%         2    ###....
 Ensorcelled Hibernation  Hex/Ice        #.....       99%         2    ###....
 Passwall                 Tmut/Erth      #.......     99%         2    ###....
 Poisonous Vapours        Pois/Air       #.....       99%         2    ###....
 Searing Ray              Conj           #.....       99%         2    ###....
 Shroud of Golubria       Chrm/Tloc      #.........   99%         2    ###....
 Song of Slaying          Chrm           #.......     99%         2    ###....
 Sticks to Snakes         Tmut           #.......     99%         2    ###....
 Sublimation of Blood     Necr           #.........   99%         2    ###....
 Swiftness                Chrm/Air       #.......     99%         2    ###....
 Throw Flame              Conj/Fire      #.....       99%         2    ###....
 Throw Frost              Conj/Ice       #.....       99%         2    ###....
 Confuse                  Hex            #.......     100%        3    ####...
 Conjure Flame            Conj/Fire      #.......     100%        3    ####...
 Dazzling Spray           Conj/Hex       #.....       100%        3    ####...
 Gell's Gravitas          Tloc           #.........   100%        3    ####...
 Ignite Poison            Fire/Tmut/Pois #.......     100%        3    ####...
 Inner Flame              Hex/Fire       #.......     100%        3    ####...
 Lesser Beckoning         Tloc           #.........   100%        3    ####...
 Mephitic Cloud           Conj/Pois/Air  #.......     100%        3    ####...
 Ozocubu's Armour         Chrm/Ice       #.......     100%        3    ####...
 Portal Projectile        Hex/Tloc       #.....       100%        3    ####...
 Recall                   Summ/Tloc      N/A          100%        3    ####...
 Regeneration             Chrm/Necr      #.........   100%        3    ####...
 Spectral Weapon          Hex/Chrm       #.......     100%        3    ####...
 Spider Form              Tmut/Pois      #.........   100%        3    ####...
 Static Discharge         Conj/Air       #.......     100%        3    ####...
 Stone Arrow              Conj/Erth      #.....       100%        3    ####...
 Teleport Other           Tloc           #.......     100%        3    ####...
 Tukima's Dance           Hex            #.......     100%        3    ####...
 Airstrike                Air            #.........   100%        4    #####..
 Animate Dead             Necr           N/A          100%        4    #####..
 Force Lance              Conj/Tloc      #.......     100%        4    #####..
 Fulminant Prism          Conj/Hex       #.........   100%        4    #####..
 Ice Form                 Ice/Tmut       #.......     100%        4    #####..
 Iskenderun's Mystic Bla  Conj           #.......     100%        4    #####..
 Leda's Liquefaction      Hex/Erth       #.........   100%        4    #####..
 Olgreb's Toxic Radiance  Pois           #.......     100%        4    #####..
 Petrify                  Tmut/Erth      #.......     100%        4    #####..
 Sticky Flame             Conj/Fire      #.......     100%        4    #####..
 Summon Ice Beast         Ice/Summ       #.......     100%        4    #####..
 Throw Icicle             Conj/Ice       #.......     100%        4    #####..
 Agony                    Necr           #.......     100%        5    ######.
 Alistair's Intoxication  Tmut/Pois      #.......     100%        5    ######.
 Blade Hands              Tmut           #.........   100%        5    ######.
 Bolt of Draining         Conj/Necr      #.........   100%        5    ######.
 Borgnjor's Vile Clutch   Necr/Erth      #.........   100%        5    ######.
 Dispel Undead            Necr           #.......     100%        5    ######.
 Excruciating Wounds      Chrm/Necr      #.........   100%        5    ######.
 Fireball                 Conj/Fire      #.........   100%        5    ######.
 Irradiate                Conj/Tmut      #.........   100%        5    ######.
 Lee's Rapid Deconstruct  Erth           #.........   100%        5    ######.
 Lightning Bolt           Conj/Air       #.........   100%        5    ######.
 Summon Forest            Summ/Tloc      #.........   100%        5    ######.
 Venom Bolt               Conj/Pois      #.........   100%        5    ######.
 Death Channel            Necr           #.........   100%        6    #######
 Dispersal                Tloc           #.........   100%        6    #######
 Hydra Form               Tmut           #.........   100%        6    #######
 Iron Shot                Conj/Erth      #.........   100%        6    #######
 Shadow Creatures         Summ           N/A          100%        6    #######
 Simulacrum               Ice/Necr       #.........   100%        6    #######
 Statue Form              Tmut/Erth      #........    100%        6    #######
 Dragon Form              Tmut           #.........   100%        7    #######
 Summon Hydra             Summ           #.........   100%        7    #######
 Controlled Blink         Tloc           N/A          100%        8    #######
 Disjunction              Tloc           #.........   100%        8    #######
 Ignition                 Fire           #.........   100%        8    #######
 Passage of Golubria      Tloc           Unusable     N/A         4    N/A

Dungeon Overview and Level Annotations

Branches:
Dungeon (15/15)            Temple (0/1) D:6            Lair (6/6) D:9
 Shoals (4/4) Lair:3       Spider (4/4) Lair:3        Slime (0/5) Lair:5
    Orc (2/2) D:11            Elf (3/3) Orc:2        Vaults (4/5) D:14
  Crypt (0/3) Vaults:2     Depths (5/5) D:15           Hell (1/1)
    Geh (0/7) Hell            Coc (0/7) Hell            Tar (0/7) Hell
    Zot (5/5) Depths:5
    Dis: Hell:1

Altars:
Ashenzari
Elyvilon
Hepliaklqana
Kikubaaqudgha
Makhleb
Okawaru
Sif Muna
Trog
Vehumet
Xom
Zin
The Shining One
Beogh
Lugonu

Shops:
D:7 %   Orc:2 !![}(   Elf:1 =}=   Elf:2 }   Elf:3 ?   Vaults:3 [   Vaults:4 (

Portals:
Hell: Lair:6 Depths:1 Depths:2 Depths:3 Depths:4 Depths:5
Abyss: Depths:2 Depths:4 Depths:5
Pandemonium: Depths:3 Depths:5
Ziggurat: Depths:3

Annotations:
D:15 2 transporters, CedricTheThird's ghost, adept DsGl
Lair:6 exclusion: oklob plant
Elf:1 exclusion: Roxanne, Roxanne
Zot:5 exclusion: 3 doors


Innate Abilities, Weirdness & Mutations

You are small and have problems with some larger weapons.
You are somewhat resistant to further mutation.
You have sharp fingernails.
You heal very quickly.


Message History

You climb upwards.
There is a stone staircase leading down here.
A reaper comes into view. It is wielding a +0 scythe of venom.
Unknown command.
You hit the reaper but do no damage. Lightning courses through the reaper!
The reaper is lightly wounded.
You whack the reaper!
The reaper is moderately wounded.
You whack the reaper! Lightning courses through the reaper!
The reaper is heavily wounded.
You block the reaper's attack.
You closely miss the reaper.
The reaper is heavily wounded.
You hit the reaper but do no damage. Lightning courses through the reaper!
The reaper is severely wounded.
You hit the reaper but do no damage.
The reaper is severely wounded.
The reaper hits you with a +0 scythe of venom!!
You hit the reaper but do no damage. Lightning courses through the reaper!!
The reaper is almost dead.
You whack the reaper! Lightning courses through the reaper!
You kill the reaper!
Your Armour skill increases to level 26!
Unknown command.
You see here a +0 scythe of venom.
Evoke which item? (* to show all) (? for menu, Esc to quit)
Aiming: Dig
Press: ? - help, Shift-Dir - straight line A rock wall.
This square is covered in magical glow.
The rock shatters into small pieces.
Evoke which item? (* to show all) (? for menu, Esc to quit)
Aiming: Dig
Press: ? - help, Shift-Dir - straight line A rock wall.
This square is covered in magical glow.
The rock shatters into small pieces.
There is a stone staircase leading up here.
You climb upwards.
There is a stone staircase leading down here.
There is an open door here.
There is an open door here.
Evoke which item? (* to show all) (? for menu, Esc to quit)
Aiming: Dig
Press: ? - help, Shift-Dir - straight line You can't see that place.
The rock shatters into small pieces.
There is a staircase leading out of the dungeon here.
Enter note: gg You have escaped!

##### ######.@.######
###.............###
###.................###
#.'.................+.#
#.#.................#.#
#(###.............###.#
#.# ###.........### #.#
#.# ###.....### #.# #.#
###.........### #.#


There were no monsters in sight!

Vanquished Creatures
  Tiamat (Zot:1)
  4 orbs of fire
  3 ancient liches (Zot:5)
  Mennas (Vaults:4)
  2 juggernauts (Depths:3)
  4 Killer Klowns (Zot:5)
  3 curse toes
  Bai Suzhen (Depths:1)
  Geryon (Hell)
  12 caustic shrikes
  16 golden dragons
  Jory (Vaults:2)
  Nikola (Elf:2)
  2 bone dragons
  The ghost of Acrimas the Scorcher, a veteran GrFE of Vehumet (Depths:5)
  An electric golem (Zot:5)
  Arachne (Spider:3)
  4 liches
  A pearl dragon (Depths:1)
  15 tentacled monstrosities
  An Ice Fiend (Depths:2)
  17 Orb Guardians (Zot:5)
  Asterion (Spider:2)
  2 deep elf master archers (Elf:3)
  2 quicksilver dragons
  An acid blob (Depths:3)
  A titan (Depths:4)
  An Executioner (Abyss:3)
  9 tentacled starspawn
  4 tengu reavers
  11 death cobs
  3 sphinxes
  The ghost of temitten the Tortoise, an adept MiFi of the Shining One (Spider:2)
  Donald (Shoals:3)
  12 shadow dragons
  A thorn hunter (Abyss:4)
  15 storm dragons
  2 revenants
  Kirke (Spider:2)
  4 fire giants
  7 draconian monks
  An azure jelly (shapeshifter) (Depths:3)
  An orc warlord (Orc:1)
  8 deep elf sorcerers
  12 frost giants
  A balrug (Elf:2)
  6 ghost moths
  6 draconian knights
  6 vault wardens
  7 draconian scorchers
  2 emperor scorpions
  6 draconian stormcallers
  2 deep elf elementalists (Elf:3)
  7 draconian shifters
  2 iron dragons
  6 spriggan defenders
  4 draconian annihilators
  An entropy weaver (Spider:3)
  12 ironheart preservers
  3 vampire knights
  5 reapers
  An ophan (Depths:1)
  A war gargoyle (Hell)
  Nessos (Lair:6)
  18 very ugly things
  15 stone giants
  15 green draconians
  9 deep elf demonologists
  2 lorocyprocas
  A spark wasp (shapeshifter) (Gauntlet)
  An apis (Depths:1)
  2 dire elephants
  Azrael (Elf:2)
  11 white draconians
  15 purple draconians
  13 deep elf annihilators
  7 spark wasps
  17 black draconians
  A minotaur (Gauntlet)
  13 yellow draconians
  10 red draconians
  A minotaur (shapeshifter) (Vaults:3)
  8 ettins
  7 merfolk javelineers
  4 deep elf death magi
  4 blizzard demons
  An eidolon (Abyss:3)
  8 merfolk impalers
  A quicksilver dragon zombie (Hell)
  A mummy priest (Depths:1)
  5 deep elf high priests
  12 great orbs of eyes
  9 rakshasas
  4 vault guards (D:14)
  13 fire dragons
  A hell beast (Depths:1)
  12 yaktaur captains
  8 spriggan air magi
  2 hydras
  12 centaur warriors
  3 merfolk avatars
  10 ice dragons
  12 ogre magi
  28 two-headed ogres
  3 merfolk aquamancers (Shoals:4)
  2 death knights (Vaults:2)
  2 death yaks
  26 dancing weapons
  3 alligator snapping turtles
  3 satyrs
  3 titan zombies
  6 deep troll shamans
  A hell hog (Spider:2)
  A shock serpent (Shoals:4)
  An alligator (Shoals:4)
  10 spriggan berserkers
  An iron golem (Hell)
  11 deep troll earth magi
  15 thrashing horrors
  An orc high priest (Orc:1)
  17 deep elf knights
  Sonja (Lair:6)
  7 soul eaters
  10 sun demons
  A titan skeleton (Abyss:3)
  2 shadow wraiths
  A storm dragon skeleton (Abyss:2)
  2 sixfirhies
  A fire crab (D:14)
  13 hell knights
  15 wretched stars
  2 iron trolls
  3 skeletal warriors (Vaults:2)
  15 sea snakes
  9 unseen horrors
  2 anaconda zombies (Hell)
  3 spatial maelstroms
  A shadow demon (D:14)
  34 deep trolls
  3 phantasmal warriors
  4 wizards
  A flayed ghost (Abyss:2)
  A tengu zombie (Depths:4)
  5 glowing orange brains
  An anaconda skeleton (Hell)
  13 deep elf archers
  A golden dragon skeleton (Depths:3)
  A sphinx zombie (Hell)
  11 harpies
  37 starcursed masses
  19 orb spiders
  11 necromancers
  17 orc knights
  8 ironbrand convokers
  2 iron dragon zombies
  48 ugly things
  74 deep elf magi
  A cyclops (shapeshifter) (Shoals:2)
  2 stone giant zombies
  6 orc sorcerers
  A wolf spider zombie (D:14)
  A salamander (shapeshifter) (Vaults:1)
  27 wolf spiders
  8 worldbinders
  11 cyclopes
  16 manticores
  A faun (shapeshifter) (Vaults:1)
  A faun (Shoals:1)
  2 fire giant zombies (Vaults:3)
  23 moths of wrath
  A toenail golem (Depths:4)
  12 vault sentinels
  11 elephants
  6 rust devils
  Maurice (D:8)
  2 molten gargoyles (Volcano)
  4 black mambas
  A water nymph (shapeshifter) (Vaults:1)
  An eye of devastation (shapeshifter) (Vaults:1)
  3 gargoyles
  2 ice statues (IceCv)
  3 torpor snails
  7 merfolk sirens
  2 black mambas (shapeshifter)
  A torpor snail (shapeshifter) (Depths:4)
  4 orange demons
  8 smoke demons
  A spiny frog (shapeshifter) (Elf:2)
  3 hellions
  8 water nymphs
  2 apocalypse crabs
  A rime drake (Lair:6)
  6 spiny frogs
  4 efreet
  8 ice devils
  A kobold demonologist (D:14)
  A rime drake (shapeshifter) (Vaults:3)
  2 tormentors
  8 komodo dragons
  A komodo dragon (shapeshifter) (Elf:2)
  17 demonic crawlers
  A minotaur zombie (Hell)
  24 yaktaurs
  A yaktaur (shapeshifter) (Depths:5)
  10 freezing wraiths
  A golden dragon simulacrum (Abyss:4)
  7 red devils
  A tengu conjurer (Depths:1)
  An entropy weaver simulacrum (Vaults:2)
  39 merfolk
  A polar bear (shapeshifter) (Lair:6)
  2 hellwings
  11 trolls
  33 jumping spiders
  2 meliai (shapeshifter)
  A wolf spider simulacrum (D:15)
  14 ancient zymes
  A hornet (shapeshifter) (Depths:2)
  2 trolls (shapeshifter)
  A jumping spider (shapeshifter) (Vaults:3)
  A tengu simulacrum (Vaults:3)
  3 meliai (D:14)
  14 hornets
  A wind drake (shapeshifter) (Elf:3)
  5 wind drakes
  40 raiju
  A blink frog (shapeshifter) (Vaults:3)
  Prince Ribbit (D:8)
  3 ettin zombies (Hell)
  5 hippogriffs
  An iron dragon simulacrum (Depths:3)
  A fire giant simulacrum (Vaults:2)
  11 blink frogs
  A fire dragon zombie (Hell)
  12 snapping turtles
  2 spriggan zombies (Hell)
  A frost giant simulacrum (Vaults:3)
  25 slime creatures
  2 dream sheep (Shoals:4)
  6 flying skulls (Depths:1)
  59 redbacks
  6 spriggans
  10 ynoxinuls
  A tarantella (shapeshifter) (Elf:2)
  A centaur simulacrum (D:14)
  5 air elementals
  2 wraiths
  26 tarantellas
  13 water elementals
  Sigmund (D:5)
  5 fire bats
  Eustachio (D:5)
  25 yaks
  A vampire (D:14)
  2 hogs
  2 yaks (shapeshifter)
  An alligator skeleton (Hell)
  A basilisk (shapeshifter) (Depths:3)
  12 fire elementals
  3 neqoxecs
  4 wyverns
  3 golden eyes (Abyss:3)
  2 basilisks (Lair:6)
  4 hungry ghosts
  18 chaos spawn
  A redback simulacrum (D:12)
  2 steam dragons
  8 swamp worms (Lair:1)
  2 vampire mosquitoes (D:14)
  45 large abominations
  7 wargs
  A soldier ant (D:13)
  4 hell hounds
  A warg (shapeshifter) (Depths:3)
  3 acid dragons (Vaults:1)
  2 spiny frog zombies (Hell)
  A water moccasin (shapeshifter) (Vaults:3)
  11 water moccasins
  A floating eye (Depths:4)
  6 porcupines
  33 orc warriors
  14 ice beasts
  A sky beast (D:7)
  A hornet zombie (D:12)
  A necrophage (D:6)
  A black bear (D:13)
  3 eyes of draining
  4 phantoms
  A black bear (shapeshifter) (Vaults:2)
  An alligator simulacrum (Hell)
  43 ogres
  28 centaurs
  8 wolves
  17 boggarts
  12 crocodiles
  A big kobold (shapeshifter) (Vaults:2)
  4 big kobolds
  22 bullfrogs
  2 elf zombies (Ossuary)
  2 earth elementals (Elf:3)
  19 small abominations
  A gnoll sergeant (D:7)
  2 human skeletons
  2 wyvern skeletons
  2 scorpions
  7 killer bees
  3 electric eels
  13 wights
  4 howler monkeys
  4 crimson imps
  4 lava snakes (Volcano)
  3 bullfrog zombies
  5 human zombies
  4 quasits
  2 centaur zombies
  2 draconian simulacra (IceCv)
  8 hounds
  7 centaur skeletons
  3 jellies
  23 orc priests
  3 bullfrog skeletons
  31 orc wizards
  Crazy Yiuf (D:3)
  4 iron imps
  Jessica (D:3)
  4 iguanas
  8 worker ants
  3 troll simulacra (IceCv)
  3 spriggan simulacra
  A hound skeleton (D:9)
  2 mummies (Ossuary)
  A worker ant zombie (D:5)
  An adder (shapeshifter) (Vaults:2)
  53 gnolls
  2 ogre simulacra (IceCv)
  15 adders
  A naga simulacrum (IceCv)
  5 shadow imps
  4 ufetubi
  An adder zombie (Ossuary)
  2 adder skeletons
  6 worms
  3 dart slugs
  6 leopard geckos
  106 orcs
  8 bats
  11 giant cockroaches
  9 goblins
  5 hobgoblins
  22 jackals
  3 quokkas
  2 frilled lizards
  2 goblin zombies (Ossuary)
  9 hobgoblin zombies (Ossuary)
  3 jackal zombies (Ossuary)
  15 kobolds
  6 kobold zombies (Ossuary)
  A leopard gecko zombie (D:5)
  9 orc zombies (Ossuary)
  A quokka skeleton (D:6)
  10 rats
  A rat zombie (Ossuary)
  A crawling corpse (Elf:3)
  A fire vortex (Vaults:3)
  4 fungi
  2 lurking horrors (Abyss:5)
  3 plants
  6 starspawn tentacles
2617 creatures vanquished.

Vanquished Creatures (collateral kills)
  2 orbs of fire (Zot:5)
  An ancient lich (Zot:5)
  A Killer Klown (Zot:5)
  A caustic shrike (Depths:3)
  An electric golem (Zot:5)
  A tentacled monstrosity (Zot:4)
  6 Orb Guardians (Zot:5)
  A deep elf blademaster (Elf:3)
  A quicksilver dragon (Zot:1)
  A death cob (Zot:5)
  A storm dragon (Zot:5)
  A draconian monk (Zot:5)
  A shadow dragon (Zot:1)
  A draconian scorcher (Zot:5)
  A frost giant (Depths:3)
  A very ugly thing (Depths:3)
  A purple draconian (Zot:2)
  3 white draconians
  A minotaur (D:14)
  A yaktaur captain (Vaults:1)
  An ogre mage (Orc:2)
  A centaur warrior (D:12)
  A merfolk avatar (Shoals:2)
  3 two-headed ogres (Orc:2)
  A thrashing horror (Abyss:2)
  A queen ant (Zot:5)
  A wretched star (Abyss:2)
  A hell knight (Depths:5)
  A deep troll (Orc:2)
  2 necromancers (Depths:5)
  A wolf spider zombie (Vaults:1)
  A harpy (Shoals:4)
  8 wolf spiders
  9 ugly things (D:14)
  2 cyclopes
  A manticore (D:14)
  A smoke demon (Abyss:2)
  A human zombie (Vaults:1)
  A demonic crawler (Spider:1)
  A komodo dragon (D:14)
  A kobold demonologist (D:14)
  2 jumping spiders
  4 trolls (Orc:2)
  A raiju (Abyss:2)
  An elf zombie (Vaults:1)
  2 redbacks
  3 tarantellas
  A ynoxinul (Abyss:2)
  A large abomination (Abyss:2)
  2 small abominations (Abyss:2)
  2 ogres (Orc:2)
  2 centaurs (D:12)
  A gnoll sergeant (D:5)
  A bullfrog (D:7)
  3 killer bees (D:9)
  2 starcursed masses (Abyss:3)
  3 orc priests
  A hound (D:7)
  5 orc wizards
  A worker ant (D:7)
  A big kobold zombie (Ossuary)
  7 gnolls
  11 orcs
  A jackal zombie (Ossuary)
126 creatures vanquished.

Vanquished Creatures (others)
  A caustic shrike (Depths:3)
  A lich (Depths:2)
  2 deep elf blademasters
  2 death cobs
  A fire giant (Depths:2)
  An ironheart preserver (Vaults:1)
  A ghost moth (Spider:4)
  An ettin (Depths:3)
  A hydra (Lair:6)
  A centaur warrior (Vaults:1)
  4 dancing weapons
  A spriggan (Depths:3)
  3 deep elf knights
  A necromancer (Depths:3)
  3 deep elf magi
  A wolf spider zombie (Hell)
  An orc knight (Orc:1)
  A wolf spider (Spider:2)
  A cyclops (Vaults:2)
  A frost giant zombie (Hell)
  A spiny frog (Lair:6)
  An orange demon (Abyss:2)
  An anaconda simulacrum (Hell)
  2 yaktaurs
  A komodo dragon (Lair:6)
  An ice devil (Hell)
  3 jumping spiders
  A raiju (Abyss:2)
  A hornet (Depths:3)
  A shadow dragon simulacrum (Hell)
  An ice dragon zombie (Hell)
  A tarantella (shapeshifter) (Vaults:3)
  A starcursed mass (Abyss:4)
  A human (Spider:2)
  A redback (Spider:1)
  An orc warrior (Orc:1)
  An ogre (Vaults:3)
  A boggart (Vaults:2)
  5 centaurs
  A small abomination (Abyss:3)
  A crimson imp (Hell)
  An iron imp (Abyss:2)
  4 ball lightnings
  A kobold (D:11)
  4 bushes (Depths:2)
  7 fungi
  3 lurking horrors
  21 plants
  19 starspawn tentacles
117 creatures vanquished.

Grand Total: 2860 creatures vanquished

Notes
Turn   | Place    | Note
-------+----------+-------------------------------------------
     0 | D:1      | Flugkiller the Halfling Chaos Knight began the quest for
                  | the Orb.
     0 | D:1      | Reached XP level 1. HP: 15/15 MP: 1/1
    24 | D:1      | XOM: divination: detect creatures
    73 | D:1      | XOM: harmless Fire miscast
    91 | D:1      | XOM: swap monsters
   141 | D:1      | Reached XP level 2. HP: 20/20 MP: 2/2
   154 | D:1      | XOM: mild Necr miscast
   202 | D:1      | XOM: give mutations
   202 | D:1      | Gained mutation: You are dopey. (Int -2) [Xom's mischief]
   202 | D:1      | Gained mutation: You are robust. (+10% HP) [Xom's mischief]
   371 | D:1      | XOM: mild Air miscast
   698 | D:2      | Reached XP level 3. HP: 25/28 MP: 3/3
   825 | D:2      | XOM: noise
  1136 | D:2      | XOM: scenery: create altars
  1192 | D:2      | XOM: enchant monster (bad)
  1215 | D:2      | XOM: mild Chrm miscast
  1332 | D:2      | Reached XP level 4. HP: 23/34 MP: 4/4
  1459 | D:2      | XOM: butterfly on damage
  1666 | D:2      | XOM: give mutations
  1666 | D:2      | Gained mutation: You occasionally shout uncontrollably at
                  | your foes. [Xom's mischief]
  1666 | D:2      | Lost mutation: You are robust. (+10% HP) [Xom's mischief]
  1834 | D:2      | XOM: scenery: create altars
  2070 | D:3      | Noticed Jessica
  2076 | D:3      | Killed Jessica
  2076 | D:3      | Reached XP level 5. HP: 35/37 MP: 5/5
  2093 | D:3      | XOM: enchant monster (bad)
  2139 | D:3      | XOM: 3-stop teleportation journey
  2234 | D:3      | Found a runed translucent door.
  2235 | D:3      | Noticed Crazy Yiuf
  2363 | D:3      | XOM: silly message
  2463 | D:3      | XOM: silly message
  2487 | D:3      | XOM: mild Air miscast
  2885 | D:3      | Reached XP level 6. HP: 25/44 MP: 6/6
  2991 | D:3      | XOM: god gift: 1650 gold pieces
  3389 | D:3      | XOM: god gift: 31 arrows
  3435 | D:3      | Killed Crazy Yiuf
  3435 | D:3      | Reached skill level 5 in Axes
  3603 | D:4      | XOM: noise
  3739 | D:4      | XOM: summons 3 hostile demons
  3813 | D:4      | XOM: stat loss: -1 Dex (13/14)
  3935 | D:4      | Noticed an ice beast
  3936 | D:4      | XOM: blink monster(s)
  3945 | D:4      | Killed an ice beast
  3945 | D:4      | Reached skill level 1 in Evocations
  4083 | D:4      | XOM: potion effect (haste)
  4096 | D:4      | XOM: potion effect (brilliance)
  4100 | D:4      | Reached XP level 7. HP: 49/49 MP: 6/8
  4124 | D:4      | XOM: harmless Hex miscast
  4148 | D:4      | Found an iron altar of Okawaru.
  4226 | D:4      | Reached skill level 1 in Slings
  4499 | D:5      | Entered Level 5 of the Dungeon
  4513 | D:5      | XOM: mild Necr miscast
  4588 | D:5      | Reached skill level 5 in Fighting
  4676 | D:5      | XOM: confusion
  4862 | D:5      | XOM: summons 1 hostile demon
  4863 | D:5      | Noticed a red devil
  4952 | D:4      | XOM: harmless Tloc miscast
  4973 | D:4      | XOM: give mutations
  4973 | D:4      | Gained mutation: Your body sometimes deteriorates upon
                  | taking damage. [Xom's mischief]
  4973 | D:4      | Gained mutation: Your body often deteriorates upon taking
                  | damage. [Xom's mischief]
  4973 | D:4      | Gained mutation: You are frail. (-10% HP) [Xom's mischief]
  4973 | D:4      | Lost mutation: You are dopey. (Int -2) [Xom's mischief]
  5118 | D:5      | XOM: noise
  5163 | D:5      | XOM: blink monster(s)
  5166 | D:5      | XOM: confusion
  5168 | D:5      | XOM: harmless Hex miscast
  5197 | D:5      | Reached XP level 8. HP: 46/48 MP: 9/9
  5251 | D:5      | XOM: give mutation
  5251 | D:5      | Lost mutation: You occasionally shout uncontrollably at
                  | your foes. [Xom's mischief]
  5301 | D:5      | XOM: 4-stop teleportation journey
  5321 | D:5      | XOM: polymorph orc warrior -> warg
  5326 | D:5      | XOM: enchant monster (good)
  5725 | D:5      | Noticed Sigmund
  5727 | D:5      | Killed Sigmund
  6111 | D:5      | XOM: summons 3 hostile shadow creatures
  6298 | D:5      | XOM: enchant monster (bad)
  6306 | D:5      | XOM: fake destruction
  6308 | D:5      | XOM: chaos upgrade
  6319 | D:5      | XOM: noise
  6327 | D:5      | Reached XP level 9. HP: 18/54 MP: 11/11
  6594 | D:5      | Reached skill level 5 in Slings
  7046 | D:5      | Noticed Eustachio
  7046 | D:5      | XOM: blink monster(s)
  7055 | D:5      | XOM: medium Pois miscast
  7056 | D:5      | Killed Eustachio
  7056 | D:5      | Reached skill level 5 in Armour
  7071 | D:5      | XOM: butterfly on damage
  7485 | D:6      | Found a radiant altar of Vehumet.
  7581 | D:6      | XOM: give mutations
  7581 | D:6      | Gained mutation: Your flesh is cold resistant. (rC+) [Xom's
                  | grace]
  7581 | D:6      | Gained mutation: Your mind is acute. (Int +2) [Xom's grace]
  7581 | D:6      | Gained mutation: Your muscles are strong. (Str +2) [Xom's
                  | grace]
  7638 | D:6      | XOM: 2-stop teleportation journey
  7683 | D:6      | XOM: scenery: create altars
  7737 | D:6      | XOM: god gift: 16 gold pieces
  7957 | D:6      | Found a staircase to the Ecumenical Temple.
  8046 | D:6      | XOM: god gift: scroll of enchant armour
  8079 | D:6      | XOM: cast spell 'Dispersal'
  8086 | D:6      | XOM: confuse monster(s)
  8139 | D:6      | XOM: harmless Hex miscast
  8163 | D:6      | XOM: give mutations
  8163 | D:6      | Gained mutation: Your flesh is heat resistant. (rF+) [Xom's
                  | grace]
  8163 | D:6      | Gained mutation: You are surrounded by a mild repulsion
                  | field. (EV +2) [Xom's grace]
  8163 | D:6      | Gained mutation: You expend magic power (3 MP) to
                  | strengthen your wands. [Xom's grace]
  8351 | D:6      | Found a shattered altar of Ashenzari.
  8631 | D:7      | XOM: summons 9 friendly demons
  8639 | D:7      | Reached skill level 5 in Evocations
  8829 | D:7      | Reached XP level 10. HP: 34/62 MP: 13/13
  8859 | D:7      | XOM: 1-stop teleportation journey
  8984 | D:7      | XOM: enchant monster (good)
  8986 | D:7      | XOM: cleaving
  9933 | D:7      | Found Xisatocu's Food Boutique.
  9971 | D:8      | XOM: give mutations
  9971 | D:8      | Gained mutation: Your muscles are very strong. (Str +4)
                  | [Xom's grace]
  9971 | D:8      | Gained mutation: Your movements are slightly less
                  | encumbered by armour. (ER -2) [Xom's grace]
  9971 | D:8      | Gained mutation: Your mind is very acute. (Int +4) [Xom's
                  | grace]
  9971 | D:8      | Gained mutation: You have a pair of small antennae on your
                  | head. [Xom's grace]
 10241 | D:8      | XOM: god gift: scroll labeled YCLAER KYISHYTTAIT {god gift}
 10315 | D:8      | XOM: summons 2 hostile demons
 10473 | D:8      | Found a sand-covered staircase.
 10477 | Ossuary  | Entered an ossuary
 10509 | Ossuary  | XOM: 6-stop teleportation journey
 10543 | Ossuary  | XOM: god gift: 26 gold pieces
 10625 | Ossuary  | XOM: confusion (+ monsters)
 10626 | Ossuary  | XOM: summons 2 friendly demons
 11227 | D:8      | Noticed Maurice
 11234 | D:8      | XOM: give mutations
 11234 | D:8      | Gained mutation: Your natural rate of healing is unusually
                  | fast. [Xom's grace]
 11234 | D:8      | Gained mutation: You are partially covered in large bone
                  | plates. (SH +4) [Xom's grace]
 11234 | D:8      | Gained mutation: You are agile. (Dex +2) [Xom's grace]
 11250 | D:8      | Killed Maurice
 11393 | D:8      | Noticed Prince Ribbit
 11393 | D:8      | XOM: god gift: 14 sling bullets
 11417 | D:8      | Killed Prince Ribbit
 11585 | D:9      | Found a staircase to the Lair.
 11587 | D:9      | XOM: 8-stop teleportation journey
 11595 | D:9      | XOM: summons 10 friendly demons
 11601 | D:9      | Reached XP level 11. HP: 67/67 MP: 14/14
 11919 | D:9      | XOM: enchant monster (good)
 12010 | D:9      | XOM: cloud trail
 12071 | D:9      | XOM: scenery: create altars
 12127 | D:9      | XOM: give mutations
 12127 | D:9      | Gained mutation: You are covered in fur. (AC +1) [Xom's
                  | grace]
 12127 | D:9      | Gained mutation: You can translocate small distances at
                  | will. [Xom's grace]
 12127 | D:9      | Gained mutation: Your flesh is very cold resistant. (rC++)
                  | [Xom's grace]
 12127 | D:9      | Gained mutation: You have very sharp teeth. [Xom's grace]
 12206 | D:10     | Entered Level 10 of the Dungeon
 12284 | D:10     | XOM: cloud trail
 12322 | D:10     | XOM: enchant monster (good)
 12330 | D:10     | XOM: divination: magic mapping
 12463 | D:10     | XOM: harmless Summ miscast
 12486 | D:10     | XOM: divination: detect creatures
 12504 | D:10     | XOM: divination: detect creatures
 12508 | D:10     | XOM: divination: detect creatures
 12514 | D:10     | Reached skill level 10 in Slings
 12799 | D:10     | XOM: divination: detect creatures
 13234 | D:11     | XOM: potion effect (brilliance)
 13248 | D:11     | Reached skill level 5 in Dodging
 13333 | D:11     | XOM: noise
 13463 | D:11     | Got a transparent long sword
 13763 | D:11     | XOM: harmless Fire miscast
 13781 | D:11     | XOM: confuse monster(s)
 13939 | D:11     | Found a staircase to the Orcish Mines.
 14118 | Lair:1   | Entered Level 1 of the Lair of Beasts
 14164 | Lair:1   | XOM: divination: magic mapping
 14231 | Lair:1   | XOM: give mutations
 14231 | Lair:1   | Lost mutation: You have very sharp teeth. [Xom's mischief]
 14231 | Lair:1   | Lost mutation: You are frail. (-10% HP) [Xom's mischief]
 14246 | Lair:1   | XOM: mild Pois miscast
 14256 | Lair:1   | XOM: potion effect (heal wounds)
 14398 | Lair:1   | Reached XP level 12. HP: 84/84 MP: 15/15
 14435 | Lair:1   | XOM: mild Summ miscast
 15241 | Lair:2   | XOM: give mutations
 15241 | Lair:2   | Gained mutation: Your system is resistant to poisons.
                  | (rPois) [Xom's grace]
 15241 | Lair:2   | Gained mutation: You are somewhat resistant to both further
                  | mutation and mutation removal. [Xom's grace]
 15241 | Lair:2   | Gained mutation: You have sharp fingernails. [Xom's grace]
 15241 | Lair:2   | Gained mutation: You are very agile. (Dex +4) [Xom's grace]
 15282 | Lair:2   | XOM: cloud trail
 15293 | Lair:2   | XOM: give mutations
 15293 | Lair:2   | Gained mutation: You are almost entirely resistant to
                  | further mutation and mutation removal. [Xom's grace]
 15293 | Lair:2   | Gained mutation: You have large cloven feet. [Xom's grace]
 15555 | Lair:2   | XOM: cast spell 'Ring of Flames'
 15717 | Lair:2   | XOM: 7-stop teleportation journey
 15875 | Lair:2   | XOM: enchant monster (good)
 16029 | Lair:3   | Noticed a four-headed hydra
 16031 | Lair:3   | XOM: blink monster(s)
 16045 | Lair:3   | Killed a four-headed hydra
 16117 | Lair:3   | XOM: summons 2 friendly demons
 16228 | Lair:3   | Found a staircase to the Shoals.
 16294 | Lair:3   | XOM: give mutations
 16294 | Lair:3   | Lost mutation: Your body often deteriorates upon taking
                  | damage. [Xom's mischief]
 16294 | Lair:3   | Lost mutation: You are partially covered in large bone
                  | plates. (SH +4) [Xom's mischief]
 16294 | Lair:3   | Lost mutation: Your body sometimes deteriorates upon taking
                  | damage. [Xom's mischief]
 16294 | Lair:3   | Lost mutation: You are very agile. (Dex +4) [Xom's
                  | mischief]
 16388 | Lair:3   | XOM: potion effect (invisibility)
 16395 | Lair:3   | XOM: noise
 16402 | Lair:3   | Reached skill level 10 in Axes
 16483 | Lair:3   | XOM: 1-stop teleportation journey
 16554 | Lair:3   | Reached skill level 10 in Armour
 16604 | Lair:3   | XOM: cleaving
 16612 | Lair:3   | Found a hole to the Spider Nest.
 16789 | Lair:3   | XOM: silly message
 16804 | Lair:3   | Noticed an ice dragon
 16808 | Lair:3   | XOM: enchant monster (bad)
 16843 | Lair:3   | XOM: severe Fire miscast
 16938 | Lair:3   | XOM: harmless Fire miscast
 16989 | Lair:3   | XOM: harmless Tmut miscast
 17049 | Lair:3   | XOM: give mutations
 17049 | Lair:3   | Lost mutation: You are agile. (Dex +2) [Xom's mischief]
 17049 | Lair:3   | Lost mutation: Your muscles are very strong. (Str +4)
                  | [Xom's mischief]
 17049 | Lair:3   | Lost mutation: You are surrounded by a mild repulsion
                  | field. (EV +2) [Xom's mischief]
 17049 | Lair:3   | Lost mutation: Your system is resistant to poisons. (rPois)
                  | [Xom's mischief]
 17155 | Lair:3   | Killed an ice dragon
 17179 | Lair:3   | Got a bound lapis lazuli ring
 17292 | Lair:4   | Reached XP level 13. HP: 90/90 MP: 16/16
 17343 | Lair:4   | XOM: 4-stop teleportation journey
 17359 | Lair:4   | XOM: divine lightning
 17429 | Lair:4   | XOM: scenery: create altars
 18088 | Lair:5   | XOM: 1-stop teleportation journey
 18123 | Lair:5   | XOM: potion effect (might)
 18125 | Lair:5   | XOM: cleaving
 18131 | Lair:5   | XOM: cleaving
 18189 | Lair:5   | Found a dark tunnel.
 18230 | Volcano  | Entered a volcano
 18315 | Volcano  | XOM: cast spell 'Discord'
 18349 | Volcano  | XOM: give mutations
 18349 | Volcano  | Gained mutation: You possess an exceptional clarity of
                  | mind. [Xom's grace]
 18349 | Volcano  | Gained mutation: You are robust. (+10% HP) [Xom's grace]
 18353 | Volcano  | Reached skill level 10 in Fighting
 18397 | Volcano  | Found a radiant altar of Vehumet.
 18411 | Volcano  | Noticed a stone giant
 18413 | Volcano  | XOM: 8-stop teleportation journey
 18454 | Volcano  | Killed a stone giant
 18471 | Volcano  | XOM: give mutation
 18471 | Volcano  | Gained mutation: You are covered in thick fur. (AC +2)
                  | [Xom's grace]
 18479 | Volcano  | XOM: enchant monster (good)
 18678 | Volcano  | XOM: god gift: ring of evasion {god gift}
 18797 | Lair:5   | XOM: cast spell 'Dispersal'
 18798 | Lair:5   | XOM: noise
 18919 | Lair:5   | Found a staircase to the Slime Pits.
 18939 | Lair:5   | XOM: scenery: create altars
 18940 | Lair:5   | XOM: fake destruction
 19103 | Lair:5   | Identified the ring of Res Nullius {*Corrode rF+ rC++ Int+2
                  | Stlth+} (You found it on level 3 of the Lair of Beasts)
 19275 | Lair:5   | XOM: noise
 19330 | Lair:6   | Entered Level 6 of the Lair of Beasts
 19330 | Lair:6   | Noticed Sonja
 19332 | Lair:6   | XOM: repel stairs
 19333 | Lair:6   | Killed Sonja
 19343 | Lair:6   | XOM: swap monsters
 19396 | Lair:6   | Noticed a six-headed hydra
 19406 | Lair:6   | XOM: enchant monster (bad)
 19467 | Lair:5   | XOM: repel stairs
 19468 | Lair:5   | XOM: enchant monster (good)
 19470 | Lair:5   | Killed a six-headed hydra
 19634 | Lair:6   | XOM: medium Fire miscast
 19644 | Lair:6   | XOM: harmless Fire miscast
 19739 | Lair:6   | XOM: 3-stop teleportation journey
 19751 | Lair:6   | Noticed Nessos
 19767 | Lair:6   | Killed Nessos
 19768 | Lair:6   | XOM: swap monsters
 19769 | Lair:6   | Reached XP level 14. HP: 87/108 MP: 13/17
 19779 | Lair:6   | XOM: noise
 19969 | Lair:6   | XOM: swap monsters
 19974 | Lair:6   | XOM: 1-stop teleportation journey
 19983 | Lair:6   | Found a deep blue altar of Sif Muna.
 20276 | Lair:6   | XOM: give mutations
 20276 | Lair:6   | Lost mutation: Your movements are slightly less encumbered
                  | by armour. (ER -2) [Xom's mischief]
 20276 | Lair:6   | Lost mutation: You expend magic power (3 MP) to strengthen
                  | your wands. [Xom's mischief]
 20295 | Lair:6   | XOM: chaos cloud
 20354 | Lair:6   | XOM: severe Ice miscast
 20358 | Lair:6   | XOM: polymorph rime drake -> yak
 20416 | Lair:6   | XOM: enchant monster (bad)
 20459 | Lair:6   | XOM: medium Erth miscast
 20468 | Lair:6   | XOM: swap monsters
 20582 | Lair:6   | XOM: medium Air miscast
 20784 | Lair:6   | XOM: polymorph rime drake -> shapeshifter
 20839 | Lair:6   | Found a burning altar of Makhleb.
 20864 | Lair:6   | XOM: confuse monster(s)
 20875 | Lair:6   | XOM: confuse monster(s)
 21005 | Lair:6   | XOM: mild Necr miscast
 21005 | Lair:6   | XOM: smoke on damage
 21038 | Lair:6   | XOM: noise
 21042 | Lair:6   | XOM: enchant monster (good)
 21059 | Lair:6   | XOM: silly message
 21104 | Lair:6   | Found a gateway to Hell.
 21148 | Lair:6   | XOM: god gift: wand of scattershot (6)
 21535 | D:12     | XOM: noise
 21612 | D:12     | Identified a +1 pair of boots of running (You found it on
                  | level 12 of the Dungeon)
 21657 | D:12     | XOM: silly message
 21690 | D:12     | XOM: 5-stop teleportation journey
 21691 | D:12     | You fall through a shaft for 3 floors!
 21691 | D:15     | Entered Level 15 of the Dungeon
 21702 | D:15     | XOM: summons 3 hostile shadow creatures
 21786 | D:15     | XOM: god gift: 14 arrows
 21800 | D:15     | XOM: summons 13 friendly demons
 21886 | D:15     | Reached skill level 10 in Dodging
 21913 | D:14     | Found a portal to a secret trove of treasure.
 21916 | D:14     | XOM: summons friendly white imp
 22033 | D:14     | XOM: enchant monster (good)
 22062 | D:14     | Found a frozen archway.
 22118 | IceCv    | Entered an ice cave
 22136 | IceCv    | XOM: polymorph ice devil -> red devil
 22176 | IceCv    | XOM: divination: detect creatures
 22444 | IceCv    | XOM: divination: detect items
 22463 | IceCv    | XOM: cast spell 'Summon Hydra'
 22613 | IceCv    | XOM: polymorph ice devil -> red devil
 22728 | IceCv    | Got a pair of encrusted gloves
 22731 | IceCv    | XOM: give mutation
 22731 | IceCv    | Gained mutation: You expend magic power (3 MP) to
                  | strengthen your wands. [Xom's grace]
 22785 | D:14     | Identified the -2 pair of gloves of Ziqu {rElec rC+} (You
                  | found it in an ice cave)
 22977 | D:14     | XOM: summons friendly ice devil
 22985 | D:14     | XOM: divine lightning
 22988 | D:14     | XOM: 3-stop teleportation journey
 23019 | D:14     | XOM: summons 7 friendly demons
 23129 | D:14     | XOM: 3-stop teleportation journey
 23136 | D:14     | XOM: divination: magic mapping
 23138 | D:14     | XOM: confuse monster(s)
 23143 | D:14     | XOM: confuse monster(s)
 23220 | D:14     | XOM: harmless Air miscast
 23262 | D:14     | Reached XP level 15. HP: 95/117 MP: 18/18
 23327 | D:14     | Found a gate to the Vaults.
 23331 | D:14     | XOM: divination: detect items
 23340 | D:14     | XOM: noise
 23356 | D:14     | XOM: noise
 23369 | D:14     | XOM: noise
 23406 | D:14     | XOM: enchant monster (bad)
 23535 | D:14     | XOM: god gift: 22 stones
 23623 | D:14     | XOM: medium Summ miscast
 23815 | D:14     | Noticed Jorgrun
 23817 | D:14     | XOM: scenery: create altars
 23819 | D:14     | XOM: severe Fire miscast
 23874 | D:14     | Noticed Jorgrun
 23874 | D:14     | Jorgrun changed into Jorgrun the minotaur
 23874 | D:14     | XOM: polymorph Jorgrun -> Jorgrun the minotaur
 23883 | D:14     | Killed Jorgrun the minotaur
 23912 | D:14     | XOM: mild Erth miscast
 24122 | D:13     | XOM: blink monster(s)
 24151 | D:13     | XOM: harmless Ice miscast
 24164 | D:13     | XOM: harmless Chrm miscast
 24172 | D:13     | XOM: enchant monster (good)
 24174 | D:13     | XOM: smoke on damage
 24185 | D:13     | Found a gate leading to a gauntlet.
 24194 | Gauntlet | Entered a Gauntlet
 24194 | Gauntlet | Found a transporter.
 24194 | Gauntlet | Found a transporter.
 24194 | Gauntlet | Found a runed translucent door.
 24200 | Gauntlet | XOM: harmless Pois miscast
 24212 | Gauntlet | Found a transporter.
 24213 | Gauntlet | Found a transporter.
 24221 | Gauntlet | Found a transporter.
 24225 | Gauntlet | Found a transporter.
 24237 | Gauntlet | Found a transporter.
 24242 | Gauntlet | Found a runed translucent door.
 24246 | Gauntlet | Found a transporter.
 24263 | Gauntlet | Found a transporter.
 24267 | Gauntlet | Found a transporter.
 24278 | Gauntlet | Found a transporter.
 24279 | Gauntlet | Found a transporter.
 24281 | Gauntlet | Found a runed translucent door.
 24668 | Gauntlet | XOM: noise
 24772 | Gauntlet | Got a steaming cloak
 24774 | Gauntlet | XOM: potion effect (invisibility)
 24782 | Gauntlet | XOM: silly message
 24812 | Gauntlet | Identified the -7 cloak of Discretion {rC+} (You found it
                  | in a Gauntlet)
 24828 | Gauntlet | XOM: cloud trail
 24858 | Gauntlet | XOM: harmless Conj miscast
 24977 | Gauntlet | XOM: confuse monster(s)
 25280 | D:13     | XOM: god gift: wand of clouds (5)
 25350 | D:13     | XOM: summons friendly quasit
 25370 | D:13     | XOM: god gift: 32 gold pieces
 25555 | Orc:1    | Entered Level 1 of the Orcish Mines
 25555 | Orc:1    | Noticed an orc warlord
 25557 | Orc:1    | Noticed a storm dragon
 25557 | Orc:1    | an orc warlord changed into a storm dragon
 25557 | Orc:1    | XOM: polymorph orc warlord -> storm dragon
 25572 | D:11     | Paralysed by an orc sorcerer for 3 turns
 25573 | D:11     | XOM: summons 2 friendly demons
 25574 | D:11     | XOM: scenery: create altars
 25593 | Orc:1    | XOM: cleaving
 25602 | D:11     | XOM: fog
 25604 | D:11     | XOM: polymorph orc warrior -> howler monkey
 25609 | D:11     | XOM: summons 3 friendly demons
 25610 | D:11     | XOM: cleaving
 25708 | D:11     | XOM: draining
 25966 | D:11     | XOM: medium Pois miscast
 25968 | D:11     | Killed a storm dragon
 26033 | D:11     | XOM: draining
 26057 | D:11     | Found a shimmering altar of Xom.
 26059 | D:11     | Found a staircase to the Orcish Mines.
 26627 | Orc:1    | XOM: harmless Chrm miscast
 26886 | Orc:2    | Entered Level 2 of the Orcish Mines
 26912 | Orc:2    | XOM: confuse monster(s)
 27092 | Orc:2    | XOM: medium Erth miscast
 27126 | Orc:2    | Found a staircase to the Elven Halls.
 27146 | Orc:2    | XOM: fog
 27149 | Orc:2    | XOM: cast spell 'Discord'
 27155 | Orc:2    | XOM: cleaving
 27196 | Orc:2    | XOM: noise
 27210 | Orc:2    | Reached XP level 16. HP: 79/125 MP: 19/19
 27238 | Orc:2    | XOM: harmless Erth miscast
 27384 | Orc:2    | Found Qounkor's Distillery.
 27387 | Orc:2    | XOM: harmless Tloc miscast
 27395 | Orc:2    | Found Cecw's Distillery.
 27397 | Orc:2    | Found Lirghal's Antique Armour Emporium.
 27405 | Orc:2    | Found Keixim's Gadget Boutique.
 27434 | Orc:2    | Bought a pair of faintly glowing gloves for 247 gold pieces
 27448 | Orc:2    | Identified the +0 pair of gloves of Esoirer {rElec rC++
                  | rCorr Str+3 Dex+2} (You bought it in a shop on level 2 of
                  | the Orcish Mines)
 27466 | Orc:2    | XOM: 4-stop teleportation journey
 27577 | Orc:2    | Found Neeriniff's Weapon Shop.
 27684 | Orc:2    | XOM: god gift: 24 gold pieces
 27986 | Orc:1    | XOM: summons friendly quasit
 28083 | Orc:1    | XOM: potion effect (invisibility)
 28215 | Orc:1    | XOM: confuse monster(s)
 28293 | Orc:1    | XOM: divine lightning
 28381 | Orc:1    | Found a roughly hewn altar of Beogh.
 28388 | Orc:1    | XOM: summons friendly iron imp
 28393 | Orc:1    | XOM: fog
 28733 | D:12     | XOM: summons 8 friendly demons
 28782 | D:12     | Found a glowing silver altar of Zin.
 29255 | D:12     | XOM: give mutations
 29255 | D:12     | Lost mutation: Your muscles are strong. (Str +2) [Xom's
                  | mischief]
 29255 | D:12     | Lost mutation: You have a pair of small antennae on your
                  | head. [Xom's mischief]
 29255 | D:12     | Lost mutation: You are robust. (+10% HP) [Xom's mischief]
 29255 | D:12     | Lost mutation: You have large cloven feet. [Xom's mischief]
 29473 | D:15     | XOM: confuse monster(s)
 29478 | D:15     | XOM: scenery: create altars
 29481 | D:15     | XOM: summons friendly shadow imp
 29482 | D:15     | XOM: cast spell 'Disjunction'
 29563 | D:14     | XOM: enchant monster (bad)
 29567 | D:14     | XOM: mild Hex miscast
 29574 | D:14     | XOM: stat loss: -1 Dex (18/19)
 29856 | D:14     | XOM: noise
 29876 | D:14     | Found a gate to the Vaults.
 29927 | D:14     | Found a shimmering altar of Xom.
 29928 | D:14     | Found a shimmering altar of Xom.
 29928 | D:14     | Found a shimmering altar of Xom.
 29979 | D:14     | XOM: stat loss: -1 Str (19/20)
 30020 | D:14     | Found a shimmering altar of Xom.
 30021 | D:14     | Found a shimmering altar of Xom.
 30022 | D:14     | Found a shimmering altar of Xom.
 30026 | D:14     | Found a portal to a secret trove of treasure.
 30114 | D:14     | XOM: harmless Summ miscast
 30136 | D:14     | XOM: mild Air miscast
 30266 | D:14     | XOM: scenery: create altars
 30304 | D:14     | XOM: cleaving
 30489 | D:14     | XOM: harmless Chrm miscast
 30721 | D:15     | Found a transporter.
 30735 | D:15     | Found a bloodstained altar of Trog.
 30736 | D:15     | Identified the +5 bardiche "Rosen" {flame, *Contam rN+
                  | SInv}
 30742 | D:15     | Found a transporter.
 30742 | D:15     | Noticed CedricTheThird's ghost (adept DsGl)
 30743 | D:15     | Identified the +10 great sword "Ogyaskis" {elec, *Rage
                  | rElec rN++ Dex+4}
 30754 | D:15     | Identified the cursed +3 war axe of Magnificence
                  | {antimagic, Dex+2}
 30758 | D:15     | XOM: medium Pois miscast
 30923 | D:15     | XOM: harmless Hex miscast
 30999 | D:15     | Found a staircase to the Depths.
 31022 | D:15     | XOM: mild Erth miscast
 31294 | Spider:1 | Entered Level 1 of the Spider Nest
 31296 | Spider:1 | XOM: confuse monster(s)
 31326 | Spider:1 | XOM: swap monsters
 31342 | Spider:1 | XOM: stat loss: -1 Int (13/14)
 31368 | Lair:3   | XOM: summons 1 hostile shadow creature
 31369 | Lair:3   | XOM: summons 5 hostile demons
 31504 | Lair:3   | XOM: harmless Air miscast
 31512 | Lair:3   | XOM: stat loss: -1 Str (19/20)
 31513 | Lair:3   | XOM: polymorph emperor scorpion -> shapeshifter
 31519 | Lair:3   | XOM: torment (39/116 hp)
 31557 | Lair:3   | XOM: give mutations
 31557 | Lair:3   | Lost mutation: You are almost entirely resistant to further
                  | mutation and mutation removal. [Xom's mischief]
 31557 | Lair:3   | Lost mutation: You are somewhat resistant to both further
                  | mutation and mutation removal. [Xom's mischief]
 31557 | Lair:3   | Lost mutation: Your flesh is very cold resistant. (rC++)
                  | [Xom's mischief]
 31651 | Spider:1 | XOM: fake destruction
 31652 | Spider:1 | XOM: summons friendly white imp
 31665 | Spider:1 | XOM: divination: detect items
 31827 | Spider:1 | XOM: summons 2 friendly demons
 31885 | Spider:1 | XOM: potion effect (invisibility)
 31991 | Spider:1 | XOM: summons 7 friendly demons
 32124 | Spider:1 | XOM: god gift: robe {god gift}
 32238 | D:10     | XOM: god gift: rapier {god gift}
 32300 | Orc:2    | XOM: god gift: 24 stones
 32315 | Orc:2    | Bought a potion of invisibility for 128 gold pieces
 32315 | Orc:2    | Bought a potion of haste for 160 gold pieces
 32319 | Orc:2    | Bought a potion of might for 64 gold pieces
 32319 | Orc:2    | Bought a potion of might for 64 gold pieces
 32324 | Orc:2    | Bought a potion of might for 48 gold pieces
 32324 | Orc:2    | Bought a potion of cancellation for 96 gold pieces
 32335 | Orc:2    | Bought a wand of enslavement (8) for 160 gold pieces
 32600 | Spider:1 | Reached XP level 17. HP: 79/122 MP: 20/20
 32664 | Spider:1 | XOM: give mutation
 32664 | Spider:1 | Gained mutation: You are agile. (Dex +2) [Xom's grace]
 32843 | Spider:2 | XOM: cleaving
 32852 | Spider:2 | XOM: summons friendly ice devil
 32948 | Spider:2 | Noticed Asterion
 32957 | Spider:2 | XOM: cleaving
 32964 | Spider:2 | Killed Asterion
 32985 | Spider:2 | XOM: harmless Conj miscast
 33027 | Spider:2 | Found a runed translucent gate.
 33027 | Spider:2 | Found a runed translucent gate.
 33027 | Spider:2 | Noticed temitten's ghost (adept MiFi)
 33028 | Spider:2 | Found a runed translucent gate.
 33079 | Spider:2 | XOM: silly message
 33083 | Spider:2 | XOM: mild Tloc miscast
 33100 | Spider:2 | Killed temitten's ghost
 33157 | Spider:2 | XOM: confuse monster(s)
 33188 | Spider:2 | Identified the Collected Works on Necromancy
 33297 | Spider:2 | XOM: 5-stop teleportation journey
 33322 | Spider:2 | XOM: stat loss: -1 Str (19/20)
 33341 | Spider:2 | XOM: stat loss: -1 Str (18/20)
 33783 | Spider:2 | XOM: summons 8 hostile demons
 33973 | Spider:2 | XOM: give mutations
 33973 | Spider:2 | Lost mutation: Your mind is very acute. (Int +4) [Xom's
                  | mischief]
 33973 | Spider:2 | Lost mutation: You are agile. (Dex +2) [Xom's mischief]
 33973 | Spider:2 | Lost mutation: You can translocate small distances at will.
                  | [Xom's mischief]
 34113 | Spider:2 | XOM: polymorph demonic crawler -> hell hog
 34259 | Spider:3 | XOM: confuse monster(s)
 34271 | Spider:3 | Reached skill level 15 in Armour
 34301 | Spider:3 | XOM: harmless Tloc miscast
 34309 | Spider:3 | XOM: fog
 34311 | Spider:3 | XOM: enchant monster (bad)
 34407 | Spider:3 | XOM: stat loss: -1 Int (11/12)
 34459 | Spider:3 | Noticed Louise
 34473 | Spider:3 | Noticed Louise
 34473 | Spider:3 | Louise changed into Louise the death yak
 34473 | Spider:3 | XOM: polymorph Louise -> Louise the death yak
 34479 | Spider:3 | Killed Louise the death yak
 34718 | Spider:3 | Noticed Arachne
 34736 | Spider:3 | XOM: harmless Erth miscast
 34738 | Spider:3 | XOM: cleaving
 34894 | Spider:3 | Noticed Kirke
 34920 | Spider:2 | Killed Kirke
 35259 | Spider:3 | XOM: summons friendly crimson imp
 35296 | Spider:3 | Killed Arachne
 35366 | Spider:3 | XOM: summons 1 hostile shadow creature
 35550 | Spider:4 | Entered Level 4 of the Spider Nest
 35678 | Spider:4 | XOM: mild Summ miscast
 35680 | Spider:4 | XOM: harmless Erth miscast
 35727 | Spider:4 | XOM: noise
 35737 | Spider:4 | XOM: polymorph entropy weaver -> ettin
 35748 | Spider:4 | XOM: harmless Erth miscast
 35963 | Spider:4 | XOM: 4-stop teleportation journey
 36085 | Spider:4 | XOM: give mutations
 36085 | Spider:4 | Gained mutation: You are clumsy. (Dex -2) [Xom's mischief]
 36085 | Spider:4 | Lost mutation: Your flesh is cold resistant. (rC+) [Xom's
                  | mischief]
 36139 | Spider:4 | XOM: god gift: 17 sling bullets
 36181 | Spider:4 | XOM: fog
 36187 | Spider:4 | XOM: fog
 36208 | Spider:4 | XOM: blink monster(s)
 36210 | Spider:4 | XOM: 1-stop teleportation journey
 36275 | Spider:4 | XOM: 2-stop teleportation journey
 36318 | Spider:4 | XOM: mild Chrm miscast
 36323 | Spider:4 | XOM: medium Conj miscast
 36379 | Spider:4 | XOM: harmless Necr miscast
 36383 | Spider:4 | XOM: summons 1 hostile demon
 36512 | Spider:4 | XOM: cast spell 'Summon Dragon'
 36513 | Spider:4 | Reached XP level 18. HP: 116/130 MP: 23/23
 36534 | Spider:4 | XOM: fog
 36535 | Spider:4 | XOM: enchant monster (good)
 36550 | Spider:4 | XOM: give mutations
 36550 | Spider:4 | Gained mutation: You are partially covered in iridescent
                  | scales. (AC +2) [Xom's mischief]
 36550 | Spider:4 | Lost mutation: You have sharp fingernails. [Xom's mischief]
 36550 | Spider:4 | Gained mutation: You have supernaturally acute eyesight.
                  | (SInv) [Xom's mischief]
 36550 | Spider:4 | Gained mutation: You have very sharp teeth. [Xom's
                  | mischief]
 36567 | Spider:4 | XOM: noise
 36579 | Spider:4 | XOM: cleaving
 36636 | Spider:4 | XOM: give mutations
 36636 | Spider:4 | Lost mutation: Your mind is acute. (Int +2) [Xom's
                  | mischief]
 36636 | Spider:4 | Lost mutation: You are covered in thick fur. (AC +2) [Xom's
                  | mischief]
 36636 | Spider:4 | Gained mutation: You are mostly covered in iridescent
                  | scales. (AC +4) [Xom's mischief]
 36636 | Spider:4 | Lost mutation: You expend magic power (3 MP) to strengthen
                  | your wands. [Xom's mischief]
 36845 | Spider:4 | XOM: harmless Tloc miscast
 37098 | Spider:4 | XOM: blink monster(s)
 37099 | Spider:4 | XOM: 4-stop teleportation journey
 37101 | Spider:4 | XOM: divine lightning
 37116 | Spider:4 | XOM: cast spell 'Leda's Liquefaction'
 37179 | Spider:4 | XOM: scenery: create altars
 37340 | Spider:4 | XOM: fog
 37493 | Spider:4 | XOM: summons friendly shadow imp
 37505 | Spider:4 | XOM: give mutations
 37505 | Spider:4 | Gained mutation: You are surrounded by a mild repulsion
                  | field. (EV +2) [Xom's grace]
 37505 | Spider:4 | Gained mutation: You have an increased reservoir of magic.
                  | (+10% MP) [Xom's grace]
 37505 | Spider:4 | Gained mutation: You heal very quickly. [Xom's grace]
 37533 | Spider:4 | Got a gossamer rune of Zot
 37562 | Spider:4 | XOM: summons 2 friendly demons
 37565 | Spider:4 | XOM: enchant monster (good)
 37654 | Spider:4 | XOM: polymorph jumping spider -> wind drake
 37670 | Spider:4 | XOM: harmless Erth miscast
 37953 | Shoals:1 | Entered Level 1 of the Shoals
 38119 | Shoals:1 | XOM: summons friendly iron imp
 38289 | Shoals:1 | XOM: polymorph iron imp -> crimson imp
 38297 | Shoals:1 | XOM: summons 4 friendly demons
 38314 | Shoals:1 | XOM: 1-stop teleportation journey
 38808 | Shoals:1 | XOM: give mutations
 38808 | Shoals:1 | Gained mutation: Your muscles are strong. (Str +2) [Xom's
                  | grace]
 38808 | Shoals:1 | Lost mutation: You are clumsy. (Dex -2) [Xom's grace]
 38808 | Shoals:1 | Gained mutation: You expend magic power (3 MP) to
                  | strengthen your wands. [Xom's grace]
 38808 | Shoals:1 | Gained mutation: You have large cloven feet. [Xom's grace]
 38818 | Shoals:2 | XOM: confuse monster(s)
 38894 | Shoals:2 | You fall through a shaft!
 38899 | Shoals:3 | XOM: cast spell 'Metabolic Englaciation'
 38911 | Shoals:3 | XOM: chaos upgrade
 38916 | Shoals:3 | XOM: destruction
 38918 | Shoals:3 | Paralysed by a merfolk for 3 turns
 38922 | Shoals:3 | Identified the cursed +0 shield of the Teacher {rF+}
 38922 | Shoals:3 | Noticed Donald
 38947 | Shoals:3 | Killed Donald
 38948 | Shoals:3 | XOM: chaos upgrade
 39086 | Shoals:3 | XOM: harmless Conj miscast
 39087 | Shoals:3 | XOM: summons 2 hostile shadow creatures
 39152 | Shoals:2 | XOM: medium Ice miscast
 39174 | Shoals:2 | XOM: chaos upgrade
 39195 | Shoals:2 | XOM: smoke on damage
 39311 | Shoals:2 | XOM: cleaving
 39497 | Shoals:2 | XOM: cleaving
 39499 | Shoals:2 | XOM: divine lightning
 39573 | Shoals:2 | Identified the +8 mace of Beyond {flame, rElec rC+ Dex+2
                  | Stlth+} (You found it on level 2 of the Shoals)
 39638 | Shoals:2 | XOM: god gift: 12 gold pieces
 39643 | Shoals:2 | XOM: summons 3 friendly demons
 39658 | Shoals:2 | XOM: summons friendly quasit
 39664 | Shoals:2 | XOM: summons 10 friendly demons
 39723 | Shoals:2 | You fall through a shaft!
 39860 | Shoals:2 | XOM: give mutations
 39860 | Shoals:2 | Gained mutation: Your mind is acute. (Int +2) [Xom's grace]
 39860 | Shoals:2 | Gained mutation: You are robust. (+10% HP) [Xom's grace]
 40042 | Shoals:2 | XOM: cloud trail
 40200 | Shoals:2 | XOM: polymorph cyclops -> cyclops
 40329 | Shoals:2 | Reached skill level 15 in Dodging
 40424 | Shoals:3 | XOM: scenery: create altars
 40669 | Shoals:3 | XOM: 1-stop teleportation journey
 40678 | Shoals:3 | XOM: god gift: chain mail {god gift}
 40751 | Shoals:3 | XOM: mild Chrm miscast
 40770 | Shoals:3 | XOM: draining
 40778 | Shoals:3 | XOM: stat loss: -1 Str (22/23)
 40923 | Shoals:3 | XOM: cleaving
 40997 | Shoals:4 | Entered Level 4 of the Shoals
 41004 | Shoals:4 | XOM: fog
 41008 | Shoals:4 | XOM: 1-stop teleportation journey
 41015 | Shoals:4 | XOM: fake destruction
 41017 | Shoals:4 | XOM: god gift: chain mail {god gift}
 41030 | Shoals:4 | XOM: enchant monster (good)
 41034 | Shoals:4 | XOM: polymorph merfolk -> shock serpent
 41263 | Elf:1    | Entered Level 1 of the Elven Halls
 41289 | Elf:1    | XOM: mild Hex miscast
 41291 | Elf:1    | XOM: noise
 41294 | Elf:1    | XOM: enchant monster (bad)
 41513 | Elf:1    | XOM: potion effect (berserk rage)
 41519 | Elf:1    | XOM: potion effect (might)
 41540 | Elf:1    | Reached XP level 19. HP: 147/150 MP: 28/28
 41664 | Elf:1    | Found Opallo's Jewellery Shoppe.
 41678 | Elf:1    | Found Noita's Gadget Shop.
 41679 | Elf:1    | Found Yteah's Jewellery Shoppe.
 41691 | Elf:1    | Bought a wand of enslavement (9) for 176 gold pieces
 41717 | Elf:1    | XOM: harmless Hex miscast
 41775 | Elf:1    | XOM: potion effect (haste)
 41802 | Elf:1    | XOM: silly message
 41885 | Elf:1    | Identified the Compendium of Supportive Arcane Weapons
 41932 | Elf:1    | XOM: 1-stop teleportation journey
 42083 | Elf:1    | XOM: 5-stop teleportation journey
 42160 | Elf:1    | Noticed Roxanne
 42160 | Elf:1    | XOM: summons 15 friendly demons
 42210 | Elf:1    | XOM: give mutations
 42210 | Elf:1    | Gained mutation: Your mind is very acute. (Int +4) [Xom's
                  | grace]
 42210 | Elf:1    | Gained mutation: You are very robust. (+20% HP) [Xom's
                  | grace]
 42482 | Elf:2    | Noticed Azrael
 42500 | Elf:2    | XOM: god gift: pair of glowing gloves {god gift}
 42510 | Elf:2    | XOM: butterfly on damage
 42519 | Elf:2    | Killed Azrael
 42531 | Elf:2    | XOM: fog
 42653 | Elf:2    | XOM: confuse monster(s)
 42668 | Elf:2    | Found an ancient bone altar of Kikubaaqudgha.
 42711 | Elf:2    | XOM: confuse monster(s)
 42717 | Elf:2    | XOM: destruction
 42754 | Elf:2    | XOM: potion effect (haste)
 42869 | Elf:2    | Found Dianiguz's Gadget Shoppe.
 42880 | Elf:2    | XOM: potion effect (invisibility)
 42881 | Elf:2    | XOM: smoke on damage
 42992 | Elf:2    | XOM: enchant monster (good)
 43026 | Elf:2    | XOM: god gift: phantom mirror
 43158 | Elf:2    | XOM: god gift: pair of gloves {god gift}
 43223 | Elf:2    | Found a runed translucent gate.
 43223 | Elf:2    | Found a runed translucent gate.
 43223 | Elf:2    | Found a runed translucent gate.
 43447 | Elf:2    | Noticed Nikola
 43465 | Elf:2    | XOM: confuse monster(s)
 43477 | Elf:2    | Noticed a deep elf blademaster
 43477 | Elf:2    | XOM: polymorph deep elf mage -> shapeshifter
 43484 | Elf:2    | XOM: enchant monster (good)
 43485 | Elf:2    | Killed a deep elf blademaster
 43486 | Elf:2    | XOM: summons 4 hostile shadow creatures
 43491 | Elf:2    | XOM: harmless Fire miscast
 43691 | Elf:2    | XOM: fog
 43696 | Elf:2    | XOM: chaos upgrade
 43709 | Elf:2    | Cast into level 2 of the Abyss (deep elf knight)
 43728 | Abyss:2  | XOM: harmless Fire miscast
 43733 | Abyss:2  | Found a corrupted altar of Lugonu.
 43817 | Abyss:2  | Found a corrupted altar of Lugonu.
 43883 | Abyss:2  | XOM: swap monsters
 43885 | Abyss:2  | XOM: summons friendly sun demon
 43892 | Abyss:2  | Reached skill level 10 in Evocations
 43927 | Abyss:2  | Reached skill level 15 in Fighting
 43950 | Abyss:2  | Got a shimmering scale mail
 43952 | Abyss:2  | Identified the +1 scale mail of Demons {*Corrode rPois rC++
                  | MP+9} (You found it on level 2 of the Abyss)
 43976 | Abyss:2  | XOM: cleaving
 44037 | Abyss:2  | XOM: blink monster(s)
 44087 | Abyss:2  | XOM: mild Summ miscast
 44215 | Abyss:2  | XOM: chaos cloud
 44225 | Abyss:2  | XOM: cast spell 'Summon Ice Beast'
 44284 | Abyss:2  | XOM: chaos upgrade
 44285 | Abyss:2  | XOM: summons friendly iron imp
 44286 | Elf:2    | Escaped the Abyss
 44294 | Elf:2    | XOM: blink monster(s)
 44339 | Elf:2    | XOM: enchant monster (bad)
 44340 | Elf:2    | XOM: polymorph deep elf mage -> shapeshifter
 44458 | Elf:2    | Reached skill level 1 in Maces & Flails
 44458 | Elf:2    | Reached skill level 1 in Shields
 44466 | Elf:2    | XOM: chaos cloud
 44570 | Elf:2    | Killed Nikola
 44570 | Elf:2    | Reached XP level 20. HP: 111/174 MP: 28/30
 44702 | Elf:2    | XOM: polymorph deep elf mage -> water nymph
 44708 | Elf:2    | XOM: mild Air miscast
 44755 | Elf:2    | Cast into level 3 of the Abyss (+3 flail of distortion)
 44760 | Abyss:3  | XOM: potion effect (haste)
 44763 | Abyss:3  | XOM: swap monsters
 44783 | Abyss:3  | XOM: repel stairs
 44800 | Abyss:3  | XOM: chaos upgrade
 44808 | Abyss:3  | XOM: mild Conj miscast
 44811 | Abyss:3  | XOM: stat loss: -1 Dex (19/20)
 44813 | Abyss:3  | XOM: noise
 44818 | Abyss:3  | XOM: polymorph deep elf mage -> merfolk
 44832 | Abyss:3  | XOM: chaos cloud
 44833 | Abyss:3  | no
 44833 | Abyss:3  | not now
 44975 | Abyss:4  | Reached skill level 5 in Shields
 44981 | Abyss:4  | XOM: harmless Tmut miscast
 44983 | Abyss:4  | XOM: give mutations
 44983 | Abyss:4  | Lost mutation: You possess an exceptional clarity of mind.
                  | [Xom's mischief]
 44983 | Abyss:4  | Lost mutation: You expend magic power (3 MP) to strengthen
                  | your wands. [Xom's mischief]
 44983 | Abyss:4  | Lost mutation: You have very sharp teeth. [Xom's mischief]
 45102 | Elf:2    | Escaped the Abyss
 45102 | Elf:2    | XOM: harmless Tloc miscast
 45106 | Elf:2    | fuck you
 45146 | Elf:2    | XOM: summons 4 hostile demons
 45192 | Elf:2    | XOM: medium Fire miscast
 45324 | Elf:2    | XOM: harmless Conj miscast
 45529 | Vaults:1 | Entered Level 1 of the Vaults
 45541 | Vaults:1 | XOM: cleaving
 45552 | Vaults:1 | XOM: god gift: ration
 45553 | Vaults:1 | XOM: polymorph ironheart preserver -> glowing shapeshifter
 45563 | Vaults:1 | Reached skill level 5 in Maces & Flails
 45658 | Vaults:1 | XOM: summons 14 friendly demons
 45685 | Vaults:1 | XOM: confuse monster(s)
 45856 | Vaults:1 | XOM: noise
 45860 | Vaults:1 | XOM: potion effect (berserk rage)
 45905 | Vaults:1 | XOM: blink monster(s)
 45931 | Vaults:1 | XOM: enchant monster (bad)
 45937 | Vaults:1 | XOM: cast spell 'Disjunction'
 46151 | Vaults:1 | XOM: mild Chrm miscast
 46247 | Vaults:1 | XOM: confusion (+ monsters)
 46268 | Vaults:1 | XOM: confusion (+ monsters)
 46310 | Vaults:1 | XOM: potion effect (haste)
 46365 | Vaults:1 | XOM: divination: magic mapping
 46416 | Vaults:1 | XOM: medium Hex miscast
 46457 | Vaults:1 | XOM: summons 4 friendly demons
 46649 | Vaults:1 | XOM: potion effect (might)
 46772 | Vaults:1 | Reached XP level 21. HP: 182/182 MP: 31/31
 46775 | Vaults:1 | XOM: silly message
 46780 | Vaults:1 | XOM: potion effect (might)
 46786 | Vaults:1 | XOM: noise
 46838 | Vaults:1 | XOM: harmless Tloc miscast
 46844 | Vaults:1 | XOM: divination: magic mapping
 46866 | Vaults:1 | XOM: confuse monster(s)
 46950 | Vaults:1 | XOM: confuse monster(s)
 46973 | Vaults:1 | XOM: enchant monster (bad)
 47013 | Vaults:1 | XOM: divination: detect items
 47185 | Vaults:2 | XOM: summons friendly white imp
 47188 | Vaults:2 | XOM: swap monsters
 47196 | Vaults:2 | XOM: chaos upgrade
 47228 | Vaults:2 | XOM: enchant monster (bad)
 47470 | Vaults:2 | Found a staircase to the Crypt.
 47505 | Vaults:2 | XOM: mild Tmut miscast
 47545 | Vaults:2 | XOM: noise
 47575 | Vaults:2 | XOM: confuse monster(s)
 47591 | Vaults:2 | Noticed Jory
 47615 | Vaults:2 | Killed Jory
 47951 | Vaults:2 | XOM: potion effect (haste)
 48068 | Vaults:2 | XOM: potion effect (haste)
 48074 | Vaults:2 | XOM: fog
 48145 | Vaults:2 | XOM: summons 7 friendly demons
 48308 | Vaults:2 | Identified the +3 battleaxe of Infection {elec, rC- Int+3
                  | Dex+4} (You found it on level 2 of the Vaults)
 48487 | Vaults:2 | XOM: fake destruction
 48492 | Vaults:2 | XOM: enchant monster (good)
 48501 | Vaults:2 | XOM: summons friendly quasit
 48586 | Vaults:2 | XOM: confuse monster(s)
 48619 | Vaults:2 | XOM: confusion
 48790 | Vaults:2 | XOM: summons 10 hostile demons
 48872 | Vaults:2 | XOM: summons 1 hostile shadow creature
 48879 | Vaults:2 | XOM: harmless Hex miscast
 48902 | Vaults:2 | XOM: confusion
 48916 | Vaults:2 | XOM: enchant monster (good)
 49042 | Vaults:2 | XOM: god gift: crystal fustibalus {god gift}
 49043 | Vaults:2 | Got a crystal fustibalus {god gift}
 49046 | Vaults:2 | Identified the +1 fustibalus "Rugute" {flame, rF+ MR+} (Xom
                  | gifted it to you on level 2 of the Vaults)
 49163 | Vaults:3 | XOM: cleaving
 49179 | Vaults:3 | XOM: noise
 49195 | Vaults:3 | XOM: give mutation
 49195 | Vaults:3 | Lost mutation: You are very robust. (+20% HP) [Xom's
                  | mischief]
 49203 | Vaults:3 | XOM: enchant monster (bad)
 49250 | Vaults:3 | XOM: summons 1 hostile shadow creature
 49295 | Vaults:3 | XOM: 1-stop teleportation journey
 49308 | Vaults:3 | XOM: chaos cloud
 49324 | Vaults:3 | XOM: harmless Necr miscast
 49416 | Vaults:3 | Reached XP level 22. HP: 175/177 MP: 34/34
 49499 | Vaults:3 | XOM: chaos upgrade
 49508 | Vaults:3 | XOM: summons 1 hostile demon
 49533 | Vaults:3 | XOM: polymorph brown ugly thing -> purple ugly thing
 49622 | Vaults:3 | XOM: blink monster(s)
 49670 | Vaults:3 | XOM: stat loss: -1 Int (13/14)
 49692 | Vaults:3 | XOM: mild Fire miscast
 49870 | Vaults:3 | Found Tecuel's Armour Boutique.
 49918 | Vaults:3 | XOM: severe Air miscast
 49927 | Vaults:3 | XOM: blink monster(s)
 50269 | Vaults:3 | XOM: blink monster(s)
 50290 | Vaults:3 | XOM: mild Erth miscast
 50300 | Vaults:3 | XOM: harmless Hex miscast
 50304 | Vaults:3 | XOM: summons 1 hostile demon
 50685 | Vaults:3 | XOM: mild Tmut miscast
 50773 | Vaults:3 | XOM: harmless Fire miscast
 50874 | Vaults:4 | XOM: scenery: 1 doors close
 50878 | Vaults:4 | XOM: polymorph ironheart preserver -> storm dragon
 50891 | Vaults:4 | XOM: summons friendly iron imp
 50911 | Vaults:4 | XOM: mild Tloc miscast
 51005 | Vaults:4 | XOM: chaos upgrade
 51023 | Vaults:4 | XOM: potion effect (invisibility)
 51032 | Vaults:4 | XOM: cast spell 'Call Canine Familiar'
 51121 | Vaults:4 | XOM: enchant monster (bad)
 51140 | Vaults:4 | XOM: potion effect (haste)
 51191 | Vaults:4 | Found Aloel's Antique Weapon Shoppe.
 51206 | Vaults:4 | Bought a crude broad axe for 252 gold pieces
 51206 | Vaults:4 | Identified the +5 broad axe of Dice {freeze, rC+ MR+ Dex+4}
                  | (You bought it in a shop on level 4 of the Vaults)
 51249 | Vaults:4 | Noticed Mennas
 51268 | Vaults:4 | XOM: blink monster(s)
 51287 | Vaults:4 | XOM: confusion (+ monsters)
 51293 | Vaults:4 | XOM: confuse monster(s)
 51301 | Vaults:4 | Killed Mennas
 51419 | Vaults:4 | XOM: summons 12 friendly demons
 51432 | Vaults:4 | XOM: destruction
 51433 | Vaults:4 | XOM: potion effect (agility)
 51438 | Vaults:4 | XOM: enchant monster (good)
 51443 | Vaults:4 | XOM: confuse monster(s)
 51443 | Vaults:4 | Reached XP level 23. HP: 163/185 MP: 36/36
 51447 | Vaults:4 | XOM: confuse monster(s)
 51656 | Vaults:4 | XOM: potion effect (agility)
 51659 | Vaults:4 | XOM: destruction
 51818 | Vaults:4 | XOM: swap monsters
 52149 | Depths:1 | Entered Level 1 of the Depths
 52157 | Depths:1 | Found a hazy altar of Hepliaklqana.
 52166 | Depths:1 | XOM: confuse monster(s)
 52383 | Depths:1 | XOM: divination: detect creatures
 52390 | Depths:1 | XOM: divination: magic mapping
 52391 | Depths:1 | XOM: mild Fire miscast
 52728 | Depths:1 | XOM: swap monsters
 52737 | Depths:1 | XOM: noise
 52738 | Depths:1 | wow
 52743 | Depths:1 | XOM: confusion
 52808 | Depths:1 | XOM: give mutations
 52808 | Depths:1 | Lost mutation: You are robust. (+10% HP) [Xom's mischief]
 52808 | Depths:1 | Gained mutation: You are frail. (-10% HP) [Xom's mischief]
 52808 | Depths:1 | Lost mutation: You heal very quickly. [Xom's mischief]
 52808 | Depths:1 | Lost mutation: You have an increased reservoir of magic.
                  | (+10% MP) [Xom's mischief]
 52857 | Depths:1 | Noticed Bai Suzhen
 52867 | Depths:1 | XOM: confusion (+ monsters)
 52873 | Depths:1 | XOM: fog
 52885 | Depths:1 | XOM: potion effect (might)
 52906 | Depths:1 | Killed Bai Suzhen
 53603 | Depths:1 | Found a glowing silver altar of Zin.
 53605 | Depths:1 | Found a white marble altar of Elyvilon.
 53608 | Depths:1 | Found a glowing golden altar of the Shining One.
 53787 | Depths:1 | XOM: harmless Tmut miscast
 53818 | Depths:1 | XOM: polymorph red ugly thing -> white ugly thing
 53826 | Depths:2 | Noticed Aizul
 53843 | Depths:2 | XOM: confusion (+ monsters)
 53846 | Depths:2 | XOM: harmless Tmut miscast
 53856 | Depths:2 | Aizul changed into Aizul the shapeshifter
 53856 | Depths:2 | XOM: polymorph Aizul -> Aizul the shapeshifter
 53966 | Depths:2 | XOM: cleaving
 54015 | Depths:2 | XOM: summons 5 friendly demons
 54016 | Depths:2 | XOM: polymorph crimson imp -> quasit
 54035 | Depths:2 | XOM: scenery: create altars
 54199 | Depths:2 | XOM: scenery: create altars
 54267 | Depths:2 | Found a corrupted altar of Lugonu.
 54322 | Depths:2 | Found a one-way gate to the infinite horrors of the Abyss.
 54411 | Depths:2 | Reached skill level 15 in Evocations
 54497 | Depths:2 | XOM: enchant monster (good)
 54519 | Depths:2 | XOM: divine lightning
 54722 | Depths:2 | XOM: scenery: 2 doors close
 54850 | Depths:2 | Reached XP level 24. HP: 156/159 MP: 34/34
 54943 | Depths:2 | XOM: mild Summ miscast
 55141 | Depths:3 | Found a one-way gate leading to the halls of Pandemonium.
 55165 | Depths:3 | XOM: 1-stop teleportation journey
 55176 | Depths:3 | XOM: confuse monster(s)
 55193 | Depths:3 | XOM: scenery: 2 doors close
 55198 | Depths:3 | Found a gateway to a ziggurat.
 55354 | Depths:3 | XOM: confuse monster(s)
 55409 | Depths:3 | XOM: divination: magic mapping
 55414 | Depths:3 | XOM: summons 6 friendly demons
 55417 | Depths:3 | XOM: summons 7 friendly demons
 55467 | Depths:3 | XOM: summons 4 friendly demons
 55467 | Depths:3 | Noticed a caustic shrike
 55471 | Depths:3 | XOM: harmless Erth miscast
 55471 | Depths:3 | Noticed a caustic shrike
 55502 | Depths:3 | Killed a caustic shrike
 55506 | Depths:3 | XOM: summons friendly white imp
 55517 | Depths:3 | XOM: summons friendly crimson imp
 55530 | Depths:3 | XOM: enchant monster (good)
 55531 | Depths:3 | XOM: enchant monster (good)
 55539 | Depths:3 | XOM: scenery: 4 doors close
 55563 | Depths:3 | XOM: smoke on damage
 55608 | Depths:3 | Killed a caustic shrike
 55909 | Depths:3 | XOM: confuse monster(s)
 55920 | Depths:3 | Noticed a caustic shrike
 55923 | Depths:3 | XOM: cleaving
 55926 | Depths:3 | XOM: enchant monster (bad)
 55934 | Depths:3 | Killed a caustic shrike
 55937 | Depths:3 | Noticed a caustic shrike
 55937 | Depths:3 | Noticed a caustic shrike
 55937 | Depths:3 | Noticed a caustic shrike
 55937 | Depths:3 | Noticed a caustic shrike
 55938 | Depths:3 | Noticed a caustic shrike
 55940 | Depths:3 | XOM: confusion (+ monsters)
 55952 | Depths:3 | Killed a caustic shrike
 55963 | Depths:3 | XOM: potion effect (invisibility)
 55978 | Depths:3 | Killed a caustic shrike
 55995 | Depths:3 | Killed a caustic shrike
 55999 | Depths:3 | XOM: enchant monster (bad)
 56010 | Depths:3 | XOM: mild Tmut miscast
 56062 | Depths:3 | Killed a caustic shrike
 56064 | Depths:3 | XOM: chaos upgrade
 56069 | Depths:3 | XOM: enchant monster (bad)
 56084 | Depths:3 | XOM: blink monster(s)
 56086 | Depths:3 | XOM: harmless Conj miscast
 56102 | Depths:3 | XOM: noise
 56182 | Depths:3 | XOM: mild Hex miscast
 56189 | Depths:3 | XOM: swap monsters
 56273 | Depths:3 | XOM: noise
 56300 | Depths:3 | XOM: torment (72/162 hp)
 56369 | Depths:3 | Noticed a juggernaut
 56392 | Depths:3 | Killed a juggernaut
 56576 | Depths:3 | XOM: give mutations
 56576 | Depths:3 | Gained mutation: You have a beak for a mouth. [Xom's grace]
 56576 | Depths:3 | Gained mutation: Your flesh is cold resistant. (rC+) [Xom's
                  | grace]
 56576 | Depths:3 | Gained mutation: You possess an exceptional clarity of
                  | mind. [Xom's grace]
 56590 | Depths:3 | XOM: give mutations
 56590 | Depths:3 | Lost mutation: You are frail. (-10% HP) [Xom's mischief]
 56590 | Depths:3 | Lost mutation: Your muscles are strong. (Str +2) [Xom's
                  | mischief]
 56590 | Depths:3 | Lost mutation: You possess an exceptional clarity of mind.
                  | [Xom's mischief]
 56590 | Depths:3 | Lost mutation: You are surrounded by a mild repulsion
                  | field. (EV +2) [Xom's mischief]
 56623 | Depths:3 | Identified the +7 chain mail of the Commoners {rF+ Int+5}
 56654 | Depths:3 | XOM: fog
 56708 | Depths:3 | Noticed a juggernaut
 56709 | Depths:3 | Noticed a caustic shrike
 56709 | Depths:3 | Identified the +7 scimitar of Division {pain, rF+ rN+}
 56709 | Depths:3 | Identified the amulet of Ycon {Acrobat rN+ Dex+3}
 56709 | Depths:3 | Noticed a caustic shrike
 56709 | Depths:3 | Noticed a caustic shrike
 56709 | Depths:3 | Noticed a caustic shrike
 56709 | Depths:3 | Noticed a caustic shrike
 56709 | Depths:3 | Noticed a caustic shrike
 56823 | Depths:3 | a caustic shrike changed into an acid blob
 56823 | Depths:3 | XOM: polymorph caustic shrike -> acid blob
 56901 | Depths:3 | XOM: divination: detect items
 56906 | Depths:3 | Reached XP level 25. HP: 175/186 MP: 35/35
 56925 | Depths:3 | Killed a juggernaut
 56983 | Depths:3 | XOM: confusion
 56988 | Depths:3 | XOM: summons friendly crimson imp
 56990 | Depths:3 | XOM: polymorph tentacled monstrosity -> tentacled
                  | monstrosity
 57002 | Depths:3 | Killed a caustic shrike
 57005 | Depths:3 | XOM: polymorph tentacled monstrosity -> tentacled
                  | monstrosity
 57012 | Depths:3 | XOM: harmless Tloc miscast
 57013 | Depths:3 | Killed a caustic shrike
 57013 | Depths:3 | XOM: confusion
 57024 | Depths:3 | Killed a caustic shrike
 57026 | Depths:3 | XOM: summons 3 friendly demons
 57148 | Depths:3 | XOM: god gift: runed robe {god gift}
 57220 | Depths:3 | XOM: summons 14 friendly demons
 57331 | Depths:3 | Killed a caustic shrike
 57372 | Depths:3 | XOM: cast spell 'Death Channel'
 57540 | Depths:4 | Noticed a caustic shrike
 57541 | Depths:4 | XOM: harmless Hex miscast
 57551 | Depths:4 | XOM: confusion (+ monsters)
 57556 | Depths:4 | XOM: confuse monster(s)
 57597 | Depths:4 | Killed a caustic shrike
 57610 | Depths:4 | XOM: harmless Erth miscast
 57787 | Depths:4 | XOM: medium Conj miscast
 57895 | Depths:4 | XOM: harmless Air miscast
 57926 | Depths:4 | XOM: harmless Summ miscast
 57978 | Depths:4 | XOM: potion effect (brilliance)
 57992 | Depths:4 | XOM: noise
 58002 | Depths:4 | XOM: destruction
 58011 | Depths:4 | XOM: silly message
 58016 | Depths:4 | XOM: summons 3 friendly demons
 58027 | Depths:4 | XOM: noise
 58029 | Depths:4 | XOM: chaos cloud
 58034 | Depths:4 | XOM: cleaving
 58241 | Depths:4 | XOM: 1-stop teleportation journey
 58323 | Depths:4 | XOM: noise
 58330 | Depths:4 | XOM: god gift: quarterstaff {god gift}
 58339 | Depths:4 | XOM: fog
 58348 | Depths:4 | XOM: scenery: create altars
 58452 | Depths:4 | XOM: 1-stop teleportation journey
 58477 | Depths:4 | XOM: silly message
 58502 | Depths:4 | XOM: confusion (+ monsters)
 58524 | Depths:4 | XOM: chaos upgrade
 58530 | Depths:4 | XOM: summons 1 friendly demon
 58560 | Depths:4 | XOM: confuse monster(s)
 58564 | Depths:4 | XOM: summons 2 friendly demons
 58768 | Depths:4 | Identified a scroll of acquirement
 58815 | Depths:4 | XOM: noise
 58835 | Depths:4 | XOM: enchant monster (bad)
 59011 | Depths:4 | XOM: scenery: 1 doors close
 59030 | Depths:4 | Reached XP level 26. HP: 87/196 MP: 35/35
 59128 | Depths:4 | XOM: fake destruction
 59277 | Depths:4 | XOM: cast spell 'Metabolic Englaciation'
 59301 | Depths:4 | XOM: smoke on damage
 59318 | Depths:4 | XOM: enchant monster (bad)
 59321 | Depths:4 | XOM: stat loss: -1 Int (13/14)
 59561 | Depths:4 | XOM: silly message
 59705 | Depths:4 | XOM: give mutations
 59705 | Depths:4 | Lost mutation: You have large cloven feet. [Xom's mischief]
 59705 | Depths:4 | Lost mutation: Your flesh is heat resistant. (rF+) [Xom's
                  | mischief]
 59705 | Depths:4 | Lost mutation: You have supernaturally acute eyesight.
                  | (SInv) [Xom's mischief]
 59705 | Depths:4 | Gained mutation: Scrolls take you a little longer to read.
                  | [Xom's mischief]
 60385 | Shoals:4 | XOM: polymorph merfolk impaler -> alligator
 60510 | Shoals:4 | XOM: blink monster(s)
 60737 | Shoals:4 | XOM: medium Tmut miscast
 60766 | Shoals:4 | XOM: harmless Air miscast
 60785 | Shoals:4 | XOM: silly message
 60963 | Shoals:4 | Identified the Compendium of Assistive Venom
 61061 | Shoals:4 | XOM: noise
 61115 | Shoals:4 | XOM: mild Chrm miscast
 61141 | Shoals:4 | XOM: summons 2 friendly demons
 61273 | Shoals:4 | XOM: smoke on damage
 61298 | Shoals:4 | XOM: confuse monster(s)
 61319 | Shoals:4 | XOM: medium Fire miscast
 61327 | Shoals:4 | Got a barnacled rune of Zot
 61578 | Shoals:4 | Identified the cursed +0 flail of the Wasteland {freeze,
                  | rF+ MR+++ Str-4 Dex+4} (You found it on level 4 of the
                  | Shoals)
 61648 | Shoals:4 | XOM: cloud trail
 61681 | Shoals:4 | XOM: enchant monster (good)
 61720 | Shoals:4 | XOM: god gift: 49 gold pieces
 62005 | D:11     | XOM: god gift: 590 gold pieces
 62034 | Orc:2    | XOM is BORED!
 62034 | Orc:2    | XOM: medium Chrm miscast
 62073 | Orc:2    | Bought a wand of iceblast (11) for 240 gold pieces
 62073 | Orc:2    | Bought a wand of iceblast (5) for 144 gold pieces
 62073 | Orc:2    | Bought a box of beasts for 320 gold pieces
 62112 | Elf:1    | XOM: give mutations
 62112 | Elf:1    | Gained mutation: You are clumsy. (Dex -2) [Xom's mischief]
 62112 | Elf:1    | Gained mutation: Armour fits poorly on your strangely
                  | shaped body. [Xom's mischief]
 62112 | Elf:1    | Lost mutation: Your mind is very acute. (Int +4) [Xom's
                  | mischief]
 62149 | Elf:1    | Bought a phial of floods for 640 gold pieces
 62151 | Elf:1    | Bought a phantom mirror for 480 gold pieces
 62210 | Elf:3    | Entered Level 3 of the Elven Halls
 62216 | Elf:3    | XOM: summons 2 friendly demons
 62269 | Elf:3    | XOM: polymorph deep elf mage -> shapeshifter
 62270 | Elf:3    | XOM: confuse monster(s)
 62320 | Elf:3    | XOM: 1-stop teleportation journey
 62354 | Elf:3    | Found Onnaj's Magic Scroll Shop.
 62357 | Elf:3    | Bought a scroll of teleportation for 45 gold pieces
 62357 | Elf:3    | Bought a scroll of teleportation for 45 gold pieces
 62357 | Elf:3    | Bought a scroll of enchant weapon for 112 gold pieces
 62443 | Elf:3    | XOM: polymorph deep elf archer -> water nymph
 62693 | Elf:3    | XOM: blink monster(s)
 62700 | Elf:3    | XOM: enchant monster (bad)
 62723 | Elf:3    | XOM: confusion
 62728 | Elf:3    | XOM: chaos cloud
 62729 | Elf:3    | Paralysed by you for 3 turns
 62739 | Elf:3    | XOM: polymorph deep elf sorcerer -> storm dragon
 62744 | Elf:3    | XOM: confusion
 62751 | Elf:3    | XOM: summons 3 friendly demons
 62960 | Elf:3    | XOM: destruction
 62966 | Elf:3    | XOM: cleaving
 62967 | Elf:3    | XOM: fog
 62990 | Elf:3    | Identified the +1 plate armour "Ehihuis" {Regen+ Int+3
                  | Stlth+}
 62997 | Elf:3    | Identified the ring of Ydock {rN+ MP+9 Slay+3}
 63000 | Elf:3    | XOM: scenery: create altars
 63009 | Elf:3    | XOM: divine lightning
 63142 | Elf:3    | Identified the cursed +1 scale mail of the Yeti {rF++ MR+
                  | Int+6}
 63186 | Elf:3    | Identified the +2 leather armour of Foolhardiness {rF+
                  | Int+7}
 63200 | Elf:3    | XOM: scenery: create altars
 63360 | Elf:3    | XOM: cleaving
 63409 | Elf:3    | Identified the +0 ring mail of the Harp {-Tele rF+ rC+}
 63409 | Elf:3    | XOM: cleaving
 63420 | Elf:3    | XOM: fake destruction
 63576 | Elf:3    | Identified the +1 plate armour of the First Snow {MR+} (You
                  | found it on level 3 of the Elven Halls)
 63620 | Elf:3    | Identified Sif Muna's Reference Book on Damaging Heat
 63628 | Elf:3    | Identified the +5 ring mail "Nuemiogh" {Dex+3} (You found
                  | it on level 3 of the Elven Halls)
 63729 | Elf:3    | Found the +10 Black Knight's horse barding {ponderous,
                  | rPois rN+}
 63805 | Elf:3    | XOM: summons 8 friendly demons
 64038 | Hell     | Entered the Vestibule of Hell
 64038 | Hell     | Noticed Geryon
 64044 | Hell     | XOM: summons friendly sixfirhy
 64151 | Hell     | XOM: fake destruction
 64161 | Hell     | XOM: summons 2 friendly demons
 64182 | Depths:1 | XOM: enchant monster (good)
 64225 | Hell     | XOM: summons 1 friendly demon
 64235 | Depths:1 | XOM: scenery: 4 doors close
 64301 | Hell     | XOM: divine lightning
 64388 | Depths:1 | XOM: god gift: 21 gold pieces
 64646 | Hell     | Reached XP level 27. HP: 186/206 MP: 36/36
 64646 | Hell     | XOM: divine lightning
 64648 | Hell     | XOM: scenery: create altars
 64648 | Hell     | XOM: smoke on damage
 65040 | Hell     | XOM: scenery: create altars
 65051 | Depths:1 | XOM: summons friendly iron imp
 65154 | Hell     | XOM: fake destruction
 65156 | Hell     | XOM: polymorph hell beast -> tormentor
 65439 | Hell     | Found a gateway to the ashen valley of Gehenna.
 65439 | Hell     | XOM: 2-stop teleportation journey
 65473 | Hell     | XOM: harmless Chrm miscast
 65611 | Hell     | XOM: harmless Fire miscast
 65662 | Hell     | Found a gateway to the decaying netherworld of Tartarus.
 65734 | Hell     | Found a gateway to the freezing wastes of Cocytus.
 65742 | Hell     | XOM: give mutations
 65742 | Hell     | Lost mutation: Your flesh is cold resistant. (rC+) [Xom's
                  | mischief]
 65742 | Hell     | Lost mutation: You are covered in fur. (AC +1) [Xom's
                  | mischief]
 65769 | Hell     | XOM: chaos cloud
 65822 | Hell     | XOM: harmless Chrm miscast
 65844 | Hell     | XOM: chaos cloud
 65845 | Hell     | XOM: blink monster(s)
 65854 | Hell     | XOM: mild Air miscast
 65865 | Hell     | XOM: confusion
 66126 | Hell     | XOM: harmless Chrm miscast
 66137 | Hell     | XOM: 3-stop teleportation journey
 66162 | Hell     | XOM: scenery: create altars
 66170 | Hell     | XOM: harmless Necr miscast
 66176 | Hell     | XOM: scenery: create altars
 66185 | Hell     | XOM: cleaving
 66187 | Hell     | XOM: silly message
 66189 | Hell     | Killed Geryon
 66397 | D:14     | You paid a toll of the horn of Geryon to enter a treasure
                  | trove
 66398 | Trove    | Entered a treasure trove
 66403 | Trove    | Got a transparent zirconium amulet
 66405 | Trove    | Got a warped turquoise ring
 66407 | Trove    | Got a scorched brass amulet
 66409 | Trove    | Got a sparkling graven amulet
 66413 | Trove    | Got a transparent zirconium amulet
 66416 | Trove    | Got a transparent silver amulet
 66432 | D:14     | Identified the amulet of Rizomed {+Rage +Fly rN+ Int+2
                  | Dex-4} (You found it in a treasure trove)
 66434 | D:14     | Identified the amulet of Vibrale {Spirit Slay+2} (You found
                  | it in a treasure trove)
 66436 | D:14     | Identified the amulet "Otugisap" {Acrobat Int+4} (You found
                  | it in a treasure trove)
 66442 | D:14     | Identified the amulet "Omis" {Acrobat +Fly rPois Str-5
                  | Int-5} (You found it in a treasure trove)
 66448 | D:14     | Identified the amulet "Riyxuoro" {RegenMP rN+ Str-5 SInv}
                  | (You found it in a treasure trove)
 66454 | D:14     | Identified the ring of Fyleew {*Slow rPois rF- rN++ Dex+4}
                  | (You found it in a treasure trove)
 66613 | D:14     | Lost mutation: You are mostly covered in iridescent scales.
                  | (AC +4) [potion of mutation]
 66613 | D:14     | Lost mutation: You have a beak for a mouth. [potion of
                  | mutation]
 66613 | D:14     | Lost mutation: Scrolls take you a little longer to read.
                  | [potion of mutation]
 66613 | D:14     | Lost mutation: Armour fits poorly on your strangely shaped
                  | body. [potion of mutation]
 66613 | D:14     | Gained mutation: You have sharp fingernails. [potion of
                  | mutation]
 66744 | Depths:2 | Voluntarily entered the Abyss.
 66744 | Abyss:1  | Found a corrupted altar of Lugonu.
 66771 | Abyss:2  | Found a sacrificial altar of Ru.
 66870 | Abyss:2  | XOM: cast spell 'Cause Fear'
 66899 | Abyss:2  | XOM: confuse monster(s)
 66912 | Abyss:2  | XOM: mild Tloc miscast
 66920 | Abyss:2  | XOM: enchant monster (good)
 66925 | Abyss:2  | XOM: cast spell 'Shadow Creatures'
 66936 | Abyss:2  | XOM: silly message
 66943 | Abyss:2  | XOM: confuse monster(s)
 66956 | Abyss:2  | XOM: enchant monster (good)
 66968 | Abyss:2  | XOM: potion effect (agility)
 66975 | Abyss:2  | XOM: enchant monster (bad)
 67011 | Abyss:2  | XOM: summons friendly white imp
 67028 | Abyss:2  | Identified Werucry's Tome of the Virous Rocks (Xom gifted
                  | it to you on level 2 of the Abyss)
 67028 | Abyss:2  | XOM: god gift: Werucry's Tome of the Virous Rocks
 67159 | Abyss:3  | Found an ornate altar of the Wu Jian Council.
 67175 | Abyss:3  | Found a radiant altar of Vehumet.
 67264 | Abyss:3  | XOM: cloud trail
 67600 | Abyss:3  | XOM: divine lightning
 67698 | Abyss:3  | Paralysed by accursed screaming for 1 turns
 67701 | Abyss:3  | XOM: summons 13 friendly demons
 67732 | Abyss:3  | XOM: god gift: 32 gold pieces
 68008 | Abyss:3  | XOM: divination: detect creatures
 68055 | Abyss:3  | XOM: scenery: create altars
 68149 | Abyss:3  | Got a polished buckler
 68158 | Abyss:3  | XOM: confuse monster(s)
 68166 | Abyss:3  | Identified the cursed -2 buckler of the Harvest Moon {rElec
                  | Regen+ rCorr Dex-5} (You found it on level 3 of the Abyss)
 68313 | Abyss:3  | XOM: cleaving
 68368 | Abyss:3  | XOM: confuse monster(s)
 68421 | Abyss:3  | XOM: summons 3 friendly demons
 68558 | Abyss:3  | XOM: scenery: create altars
 68578 | Abyss:3  | Found a shimmering altar of Xom.
 68578 | Abyss:3  | Found a shimmering altar of Xom.
 68601 | Abyss:3  | Found a shimmering altar of Xom.
 68615 | Abyss:3  | Found a snail-covered altar of Cheibriados.
 68617 | Abyss:3  | XOM: scenery: create altars
 68661 | Abyss:4  | XOM: polymorph large abomination -> large abomination
 68665 | Abyss:4  | XOM: summons friendly white imp
 68675 | Abyss:4  | XOM: fog
 68692 | Abyss:4  | XOM: summons friendly crimson imp
 68724 | Abyss:4  | XOM: scenery: 1 doors close
 68746 | Abyss:4  | XOM: scenery: 1 doors open
 68809 | Abyss:4  | Got an abyssal rune of Zot
 69093 | Abyss:4  | XOM: potion effect (magic)
 69204 | Abyss:5  | Entered Level 5 of the Abyss
 69204 | Abyss:5  | Entered Level 5 of the Abyss
 69243 | Abyss:5  | XOM: harmless Conj miscast
 69288 | Abyss:5  | XOM: polymorph large abomination -> large abomination
 69329 | Abyss:5  | XOM: confuse monster(s)
 69355 | Abyss:5  | XOM: noise
 69356 | Abyss:5  | XOM: enchant monster (bad)
 69377 | Abyss:5  | XOM: confusion (+ monsters)
 69385 | Abyss:5  | Found a burning altar of Makhleb.
 69614 | Abyss:5  | XOM: polymorph ufetubus -> white imp
 69681 | Abyss:5  | XOM: summons 4 hostile demons
 69684 | Abyss:5  | XOM: god gift: glowing spear {god gift}
 69702 | Abyss:5  | XOM: summons 2 friendly demons
 69819 | Abyss:5  | XOM: blink monster(s)
 69822 | Abyss:5  | XOM: enchant monster (good)
 69845 | Depths:2 | Escaped the Abyss
 70059 | Depths:5 | Entered Level 5 of the Depths
 70083 | Depths:5 | XOM: cast spell 'Discord'
 70094 | Depths:5 | XOM: enchant monster (good)
 70149 | Depths:5 | XOM: noise
 70180 | Depths:5 | XOM: scenery: create altars
 70363 | Depths:5 | XOM: noise
 70403 | Depths:5 | XOM: blink monster(s)
 70617 | Depths:5 | XOM: medium Tloc miscast
 70694 | Depths:5 | XOM: mild Necr miscast
 70736 | Depths:5 | XOM: divination: magic mapping
 70749 | Depths:5 | XOM: harmless Hex miscast
 70936 | Depths:5 | XOM: potion effect (invisibility)
 71010 | Depths:5 | XOM: harmless Chrm miscast
 71069 | Depths:5 | XOM: enchant monster (good)
 71087 | Depths:5 | XOM: harmless Ice miscast
 71135 | Depths:5 | Found a gate to the Realm of Zot.
 71341 | Depths:5 | Found a runed translucent door.
 71341 | Depths:5 | Noticed Acrimas's ghost (veteran GrFE)
 71391 | Depths:5 | XOM: god gift: gnarled jewelled staff {god gift}
 71507 | Depths:5 | XOM: harmless Ice miscast
 71521 | Depths:5 | XOM: swap monsters
 71547 | Depths:5 | Killed Acrimas's ghost
 71647 | Zot:1    | Entered Level 1 of the Realm of Zot
 71733 | Zot:1    | XOM: harmless Chrm miscast
 71734 | Zot:1    | XOM: polymorph green draconian -> alligator snapping turtle
 71739 | Zot:1    | XOM: confusion
 71861 | Zot:1    | XOM: harmless Summ miscast
 71984 | Zot:1    | XOM: 6-stop teleportation journey
 72049 | Zot:1    | XOM: confusion
 72168 | Zot:1    | Noticed an orb of fire
 72171 | Zot:1    | XOM: summons friendly quasit
 72175 | Zot:1    | XOM: swap monsters
 72189 | Zot:1    | Killed an orb of fire
 72431 | Zot:2    | XOM: noise
 72475 | Zot:2    | XOM: potion effect (heal wounds)
 72509 | Zot:1    | XOM: summons 2 friendly demons
 72731 | Zot:1    | XOM: confuse monster(s)
 72836 | Zot:2    | Identified the +4 dragonskin cloak
 72836 | Zot:2    | Noticed Tiamat
 72841 | Zot:2    | XOM: enchant monster (bad)
 72864 | Zot:2    | XOM: summons 1 hostile demon
 72865 | Zot:2    | XOM: cast spell 'Disjunction'
 72889 | Zot:2    | XOM: medium Tloc miscast
 73080 | Zot:2    | XOM: swap monsters
 73256 | Zot:1    | Killed Tiamat
 73388 | Zot:2    | XOM: cast spell 'Alistair's Intoxication'
 73396 | Zot:2    | XOM: summons friendly shadow imp
 73475 | Zot:2    | XOM: summons 1 hostile demon
 73484 | Zot:2    | XOM: mild Ice miscast
 73555 | Zot:2    | XOM: chaos cloud
 73583 | Zot:2    | XOM: enchant monster (bad)
 73594 | Zot:2    | XOM: stat loss: -1 Dex (18/19)
 73657 | Zot:2    | XOM: confusion
 73712 | Zot:2    | XOM: noise
 73952 | Zot:2    | XOM: mild Fire miscast
 73954 | Zot:2    | XOM: confusion (+ monsters)
 74046 | Zot:2    | XOM: harmless Summ miscast
 74050 | Zot:2    | XOM: summons 2 hostile shadow creatures
 74059 | Zot:2    | XOM: cleaving
 74070 | Zot:2    | XOM: summons friendly ufetubus
 74218 | Zot:2    | XOM: god gift: ration
 75179 | Zot:3    | XOM: fog
 75181 | Zot:3    | XOM: blink monster(s)
 75184 | Zot:3    | XOM: chaos cloud
 75213 | Zot:3    | XOM: medium Tloc miscast
 75213 | Zot:3    | XOM: smoke on damage
 75741 | Zot:3    | XOM: cleaving
 75845 | Zot:3    | XOM: summons 1 hostile shadow creature
 76122 | Zot:4    | XOM: swap monsters
 76134 | Zot:4    | XOM: medium Hex miscast
 76138 | Zot:4    | XOM: scenery: create altars
 76151 | Zot:4    | XOM: cast spell 'Death Channel'
 76296 | Zot:4    | XOM: potion effect (magic)
 76363 | Zot:3    | XOM: harmless Tmut miscast
 76387 | Zot:4    | XOM: cast spell 'Summon Butterflies'
 76393 | Zot:4    | XOM: confuse monster(s)
 76481 | Zot:4    | XOM: enchant monster (good)
 76703 | Zot:3    | XOM: stat loss: -1 Int (11/12)
 76873 | Zot:3    | XOM: noise
 77143 | Zot:3    | XOM: mild Air miscast
 77626 | Orc:2    | Bought 2 potions of curing for 96 gold pieces
 77633 | Orc:2    | Bought a potion of curing for 36 gold pieces
 77633 | Orc:2    | Bought a potion of curing for 36 gold pieces
 77633 | Orc:2    | Bought a potion of curing for 36 gold pieces
 77633 | Orc:2    | Bought a potion of mutation for 96 gold pieces
 77633 | Orc:2    | Bought a potion of mutation for 96 gold pieces
 77633 | Orc:2    | Bought a potion of mutation for 96 gold pieces
 77638 | Orc:2    | Bought a potion of mutation for 128 gold pieces
 77799 | Depths:1 | XOM: summons 1 hostile demon
 78012 | Zot:4    | XOM: enchant monster (good)
 78017 | Zot:3    | XOM: enchant monster (good)
 78471 | Zot:3    | XOM: mild Tloc miscast
 78518 | Zot:3    | XOM: noise
 78699 | Zot:4    | XOM: destruction
 78747 | Zot:4    | XOM: polymorph golden dragon -> caustic shrike
 78749 | Zot:4    | Noticed an orb of fire
 78763 | Zot:4    | Killed an orb of fire
 78835 | Zot:4    | XOM: give mutation
 78868 | Zot:4    | XOM: fog
 78923 | Zot:4    | XOM: divination: detect creatures
 78955 | Zot:4    | XOM: divination: detect items
 78959 | Zot:4    | XOM: 3-stop teleportation journey
 79008 | Zot:4    | XOM: swap monsters
 79055 | Zot:4    | Identified the +3 plate armour of the King of the Hill
                  | {*Drain rPois rF- Regen+} (You found it on level 4 of the
                  | Realm of Zot)
 79251 | Zot:4    | XOM: give mutations
 79251 | Zot:4    | Gained mutation: Your body sometimes deteriorates upon
                  | taking damage. [Xom's mischief]
 79251 | Zot:4    | Gained mutation: You heal very quickly. [Xom's mischief]
 79251 | Zot:4    | Gained mutation: You are weak. (Str -2) [Xom's mischief]
 79251 | Zot:4    | Gained mutation: You are very weak. (Str -4) [Xom's
                  | mischief]
 79362 | Zot:4    | XOM: mild Erth miscast
 79613 | Zot:5    | Entered Level 5 of the Realm of Zot
 79711 | Zot:5    | XOM: chaos cloud
 79721 | Zot:5    | XOM: summons 12 hostile demons
 79816 | Zot:5    | XOM: mild Conj miscast
 79884 | Zot:5    | Noticed a Killer Klown
 79892 | Zot:5    | XOM: noise
 79897 | Zot:5    | XOM: noise
 79905 | Zot:5    | Killed a Killer Klown
 80123 | Zot:5    | XOM: summons 12 hostile demons
 80127 | Zot:5    | XOM: swap monsters
 80140 | Zot:5    | XOM: cast spell 'Summon Ice Beast'
 80153 | Zot:5    | XOM: noise
 80507 | Zot:5    | XOM: cleaving
 80522 | Zot:5    | Noticed an ancient lich
 80528 | Zot:5    | XOM: scenery: create altars
 80533 | Zot:5    | Noticed an ancient lich
 80543 | Zot:5    | XOM: scenery: create altars
 80557 | Zot:5    | Killed an ancient lich
 80568 | Zot:5    | Killed an ancient lich
 80606 | Zot:5    | Noticed a Killer Klown
 80623 | Zot:5    | XOM: destruction
 80637 | Zot:5    | XOM: chaos cloud
 80657 | Zot:5    | Noticed an orb of fire
 80660 | Zot:5    | Noticed an ancient lich
 80660 | Zot:5    | Noticed a Killer Klown
 80660 | Zot:5    | Noticed an orb of fire
 80736 | Zot:5    | XOM: cleaving
 80739 | Zot:5    | Lost mutation: Your body sometimes deteriorates upon taking
                  | damage. [an orb of fire]
 80747 | Zot:5    | XOM: cleaving
 80769 | Zot:5    | Killed an orb of fire
 80781 | Zot:5    | XOM: noise
 80872 | Zot:5    | Noticed an ancient lich
 80891 | Zot:5    | XOM: swap monsters
 80891 | Zot:5    | Killed an ancient lich
 80897 | Zot:5    | XOM: 8-stop teleportation journey
 81024 | Zot:5    | XOM: noise
 81029 | Zot:5    | XOM: 1-stop teleportation journey
 81029 | Zot:5    | Noticed a Killer Klown
 81044 | Zot:5    | XOM: polymorph Orb Guardian -> dire elephant
 81047 | Zot:5    | XOM: summons 3 friendly demons
 81101 | Zot:5    | XOM: swap monsters
 81106 | Zot:5    | Killed a Killer Klown
 81203 | Zot:5    | XOM: cast spell 'Cause Fear'
 81353 | Zot:5    | XOM: divination: detect items
 81412 | Zot:5    | XOM: noise
 81420 | Zot:5    | Noticed an orb of fire
 81425 | Zot:5    | XOM: harmless Summ miscast
 81433 | Zot:4    | XOM: cloud trail
 81592 | Zot:4    | XOM: summons friendly ufetubus
 81610 | Zot:4    | Killed an orb of fire
 81631 | Zot:5    | XOM: summons 10 friendly demons
 81706 | Zot:5    | XOM: confuse monster(s)
 81716 | Zot:5    | XOM: enchant monster (good)
 81778 | Zot:5    | XOM: give mutation
 81778 | Zot:5    | Gained mutation: You expend magic power (3 MP) to
                  | strengthen your wands. [Xom's grace]
 81802 | Zot:5    | Killed a Killer Klown
 81810 | Zot:5    | XOM: 1-stop teleportation journey
 81812 | Zot:5    | Noticed a Killer Klown
 81827 | Zot:5    | XOM: confuse monster(s)
 81844 | Zot:5    | XOM: polymorph white draconian -> queen ant
 81869 | Zot:5    | XOM: enchant monster (bad)
 81901 | Zot:5    | XOM: summons friendly iron imp
 81940 | Zot:5    | Gained mutation: You tend to lose your temper in combat.
                  | [an orb of fire]
 81949 | Zot:5    | Killed an orb of fire
 81966 | Zot:5    | Killed a Killer Klown
 82045 | Zot:5    | XOM: harmless Necr miscast
 82070 | Zot:5    | XOM: enchant monster (bad)
 82161 | Zot:5    | XOM: cloud trail
 82249 | Zot:5    | Noticed an orb of fire
 82249 | Zot:5    | XOM: confuse monster(s)
 82274 | Zot:5    | XOM: cleaving
 82276 | Zot:5    | XOM: summons friendly quasit
 82284 | Zot:5    | Killed an orb of fire
 82293 | Zot:5    | Lost mutation: You are partially covered in iridescent
                  | scales. (AC +2) [potion of mutation]
 82293 | Zot:5    | Lost mutation: You expend magic power (3 MP) to strengthen
                  | your wands. [potion of mutation]
 82293 | Zot:5    | Gained mutation: Scrolls take you a little longer to read.
                  | [potion of mutation]
 82293 | Zot:5    | Gained mutation: You are partially covered in rugged brown
                  | scales. (AC +1, +3% HP) [potion of mutation]
 82294 | Zot:5    | Lost mutation: You are very weak. (Str -4) [potion of
                  | mutation]
 82294 | Zot:5    | Lost mutation: Scrolls take you a little longer to read.
                  | [potion of mutation]
 82384 | Zot:5    | Lost mutation: You are weak. (Str -2) [potion of mutation]
 82384 | Zot:5    | Lost mutation: You tend to lose your temper in combat.
                  | [potion of mutation]
 82384 | Zot:5    | Lost mutation: Your mind is acute. (Int +2) [potion of
                  | mutation]
 82384 | Zot:5    | Gained mutation: Your magical capacity is low. (-10% MP)
                  | [potion of mutation]
 82560 | Zot:5    | Killed an ancient lich
 82623 | Zot:5    | Killed a Killer Klown
 82633 | Zot:5    | XOM: noise
 82641 | Zot:5    | XOM: harmless Summ miscast
 82726 | Zot:5    | XOM: summons 3 hostile demons
 82753 | Zot:5    | XOM: summons 5 hostile demons
 82938 | Zot:5    | Got the Orb of Zot
 82950 | Zot:5    | XOM: summons 4 hostile demons
 83064 | Depths:5 | XOM: give mutations
 83064 | Depths:5 | Gained mutation: Scrolls take you a little longer to read.
                  | [Xom's mischief]
 83064 | Depths:5 | Lost mutation: You are clumsy. (Dex -2) [Xom's mischief]
 83064 | Depths:5 | Lost mutation: Your magical capacity is low. (-10% MP)
                  | [Xom's mischief]
 83071 | Depths:5 | XOM: polymorph green death -> reaper
 83078 | Depths:4 | Lost mutation: You are partially covered in rugged brown
                  | scales. (AC +1, +3% HP) [potion of mutation]
 83078 | Depths:4 | Lost mutation: Scrolls take you a little longer to read.
                  | [potion of mutation]
 83585 | D:1      | gg
 83586 | D:$      | Escaped with the Orb!

Levels and vault maps discovered:
D:1:      nzn_arrival_depleted_hourglass, layout_basic
D:2:      layout_basic
D:3:      layout_loops_ring, uniq_crazy_yiuf_cottage, uniq_jessica
D:4:      layout_loops_ring, okawaru_ov_weapons_minmay
D:5:      lemuel_castle_with_subvaults [lemuel_castle_interior_original],
          layout_basic, first_ration, guppyfry_early_orc_mine, uniq_eustachio,
          uniq_sigmund
D:6:      layout_loops_ring, nicolae_ashenzari_panopticon, temple_statues,
          basic_altar, minmay_misc_feat_x
D:7:      layout_loops_ring, serial_shops, kennysheep_little_box
D:8:      layout_basic, enter_ossuary_5, uniq_maurice, uniq_prince_ribbit1
D:9:      layout_cave_pools, lair_entry_dummy, hangedman_fish_farm,
          kennysheep_generic_room_2
D:10:     layout_small_grid
D:11:     layout_loops_corners, orc_0_dummy, bh_walls_and_bars
D:12:     layout_stronghold, basic_altar, minmay_misc_feat_enclosed,
          st_stairs_11, nrook_campfire
D:13:     layout_cave_pools, gauntlet_entry_generic
D:14:     layout_cave_pods, lightli_vaults_fourway_checkpoint,
          nicolae_trove_entry_free_sample, portal_ice_cave_entry_ice_beasts,
          serial_bayou_shore_b, uniq_jorgrun
D:15:     grunt_enter_depths_snipers, layout_layer_cave,
          gammafunk_ghost_wrathful_warriors, minmay_stone_trees_small
Lair:1:   layout_chaotic_city, worms_lemuel, serial_bayou_shore_b,
          lemuel_fruit_tree
Lair:2:   layout_regular_city, grunt_megastairs_5, infiniplex_staircase_pool_2
Lair:3:   dragon1_lemuel, layout_cave_pods, shoals_dummy_entry,
          nicolae_spider_entry_orb_guardian
Lair:4:   layout_hall_layers, lemuel_fruit_fields
Lair:5:   wander_river, layout_misc_corridors, minmay_slime_entry_pillars,
          nicolae_volcano_entry_two_sided, st_stairs_13
Lair:6:   evil_forest, layout_cave_pods, basic_altar, uniq_nessos, uniq_sonja
Shoals:1: layout_shoals
Shoals:2: layout_shoals, st_cyclops
Shoals:3: layout_shoals, nicolae_shoals_dead_sea_scrolls, uniq_donald
Shoals:4: shoals_end_simple, layout_shoals
Spider:1: layout_spider_delve
Spider:2: layout_spider_delve, ebering_ghost_rock_garden, drop_trap,
          uniq_asterion
Spider:3: layout_spider_delve, uniq_arachne, uniq_kirke, uniq_louise
Spider:4: grunt_spider_rune_parallel, nicolae_spider_cling_ruins
Orc:1:    orc_temple, layout_caves
Orc:2:    st_orc_open, layout_diamond_mine, serial_shops, shop
Elf:1:    eino_elf_arrival_shootout, layout_loops_corners, minmay_elf_sorcery,
          minmay_shop_grove, uniq_roxanne
Elf:2:    layout_geoelf_octagon, basic_altar, serial_shops,
          nicolae_shop_behind_doors, serial_sigils_hangedman_scratch,
          uniq_nikola, uniq_azrael
Elf:3:    grunt_elf_hall_branching, layout_loops_cross, serial_shops,
          nicolae_shop_stone
Vaults:1: nicolae_vaults_c_with_doors, nicolae_vaults_asterisk,
          hangedman_vaults_stream, vaults_room_fours, vaults_room_pool,
          v_pattern_4, vaults_room_grunt_arrival_ludios, v_alt_pattern_2,
          nicolae_vaults_asterisk, nicolae_vaults_angled_halls,
          ontoclasm_vaults_spin, layout_vaults_ring
Vaults:2: nicolae_vaults_network_square, hangedman_vaults_stitches,
          grunt_vaults_trifunnel, vaults_mumra_minichess_inversion,
          vaults_room_pool, blue_anna_dwarven_crypt, v_misc_5,
          hangedman_vaults_snaps, vaults_room_semicircle, vaults_dpeg_hooks,
          vaults_dpeg_cross, st_lattice, layout_vaults_omnicross, uniq_jory
Vaults:3: v_rooms_6, ontoclasm_vaults_claustrophobia,
          nicolae_vaults_diagonal_hallway_8, ontoclasm_vaults_ligature,
          nicolae_vaults_big_angled_halls, v_alt_pattern_2, v_misc_3,
          ontoclasm_vaults_decontamination, v_misc_12,
          nicolae_vaults_little_squares_1, nicolae_vaults_little_squares_3,
          layout_vaults_omnibox, serial_shops, shop_coins
Vaults:4: ontoclasm_vaults_idyll, vaults_mumra_chevron_long,
          vaults_mumra_hexcomb, vaults_room_door_ring,
          ontoclasm_vaults_ring_small, nicolae_vaults_arrows, v_pattern_2,
          nicolae_vaults_alarming, dpeg_vaults_monster_row,
          grunt_vaults_diagonal, vaults_mumra_hex, layout_vaults_maze_snakey,
          serial_shops, shop_coins, uniq_mennas
Depths:1: layout_honeycomb, grunt_mini_vestibule, basic_altar, grunt_decor_cap,
          minmay_liquid_box, minivault_10, hallowed_hall, uniq_bai_suzhen
Depths:2: grunt_bruiser_brothers, layout_cave_pools, pf_coc_iceberg,
          abyss_entry_flame_altar, chequers_serial_rivers_micro_b,
          minmay_hedge_maze, kb_rosetta, uniq_aizul
Depths:3: grunt_runaround [grunt_runaround_doors_1, grunt_runaround_doors_2,
          grunt_runaround_doors_3, grunt_runaround_doors_4,
          grunt_runaround_loot], pan_entry, hell_entry
Depths:4: minmay_central_circle, layout_basic, grunt_hell_entry_dis_grunt,
          abyss_entry_crystal
Depths:5: grunt_zot_entry_hairpin, layout_cave_shapes, serial_bayou_lagoon_a,
          minmay_room_of_horrors, ebering_ghost_reflecting_pool, hell_entry,
          pan_entry, st_stairs_6, due_unseen_surprise
Hell
Zot:1:    layout_misc_corridors, hangedman_zot_wheel_spokes
Zot:2:    layout_gridville, uniq_tiamat
Zot:3:    layout_basic
Zot:4:    layout_basic, st_stairs_11
Zot:5:    layout_gridlike, ebering_ghost_rock_garden, skrybe_zot_glass_3
Abyss:1
Abyss:2
Abyss:3
Abyss:4:  nicolae_abyss_rune_left_handed
Abyss:5:  evilmike_abyss_exit_plants, minivault_5,
          hangedman_abyss_feature_spike, hangedman_decor_lopped, minivault_11,
          evilmike_abyss_exit_vortex, evilmike_abyss_exit_12
Trove:    trove_jewel_2
Ossuary:  ossuary_tomb_1
IceCv:    ice_cave_tombish
Volcano:  volcano_lake [vl_original]
Gauntlet: minmay_gauntlet_77_indecision [minmay_gauntlet_arena_77_box,
          minmay_gauntlet_arena_77_cramped, minmay_gauntlet_arena_77_braids,
          minmay_gauntlet_arena_77_squiggly, minmay_gauntlet_arena_77_path,
          minmay_gauntlet_arena_77_radiant_squares, gauntlet_exit_green]

Skill      XL: |  1  2  3  4  5  6  7  8  9 10 11 12 13 14 15 16 17 18 19 20 21 22 23 24 25 26 27 |
---------------+----------------------------------------------------------------------------------+-----
Fighting       | 3 4 5 6 7 8 9 10 11 12 13 14 15 16 17 18 19 20 21 26 | 26.2
Axes           | 4 5 6 7 8 9 10 11 12 13 14 | 14.5
Evocations     | 1 2 3 5 6 9 10 12 13 15 16 17 18 21 | 21.8
Armour         | 3 4 6 7 9 10 11 12 13 14 15 16 17 18 19 20 21 22 26 | 26.0
Slings         | 2 4 7 9 11 12 13 14 | 14.0
Dodging        | 3 5 7 9 10 12 13 14 15 16 | 16.0
Maces & Flails | 2 8 |  8.4
Shields        | 3 5 |  5.6

Action                   |  1- 3 |  4- 6 |  7- 9 | 10-12 | 13-15 | 16-18 | 19-21 | 22-24 | 25-27 || total
-------------------------+-------+-------+-------+-------+-------+-------+-------+-------+-------++-------
Melee: Hand axe          |    82 |   142 |       |       |       |       |       |       |       ||   224
       Spear             |       |    32 |       |       |       |       |       |       |       ||    32
       Quarterstaff      |       |    37 |   295 |       |       |       |       |       |       ||   332
       Whip              |       |       |   137 |    76 |       |       |       |       |       ||   213
       Trident           |       |       |       |   674 |    13 |       |       |       |       ||   687
       Broad axe         |       |       |       |   386 |  1721 |  2405 |   757 |       |       ||  5269
       Bite              |       |       |       |    55 |       |   138 |   171 |       |       ||   364
       War axe           |       |       |       |    32 |       |       |       |       |       ||    32
       Unarmed           |       |       |       |    13 |       |       |       |       |     3 ||    16
       Demon whip        |       |       |       |       |       |       |  1565 |  2160 |  5637 ||  9362
       Peck              |       |       |       |       |       |       |       |    36 |   711 ||   747
Evoke: Wand              |       |       |     1 |     3 |    24 |    58 |    14 |    11 |    57 ||   168
       Lamp of fire      |       |       |       |       |     1 |     2 |       |       |     5 ||     8
       Box of beasts     |       |       |       |       |       |     1 |       |       |    17 ||    18
       Phial of floods   |       |       |       |       |       |       |       |       |     1 ||     1
       Phantom mirror    |       |       |       |       |       |       |       |       |     1 ||     1
  Use: Potion            |     1 |       |     2 |     1 |     4 |    11 |     7 |    11 |    32 ||    69
       Scroll            |       |     2 |    10 |    10 |    15 |    15 |    13 |     9 |    36 ||   110
 Stab: Paralysed         |       |       |     7 |     4 |    13 |     6 |     5 |       |     8 ||    43
       Petrified         |       |       |     4 |       |       |     1 |       |       |     6 ||    11
       Petrifying        |       |       |     1 |       |     1 |     2 |       |     2 |     3 ||     9
       Distracted        |       |       |     1 |     3 |     3 |     4 |     5 |     3 |    13 ||    32
       Confused          |       |       |       |     3 |    14 |    15 |    19 |    16 |    34 ||   101
       Invisible         |       |       |       |    13 |    10 |    30 |    12 |    11 |    16 ||    92
       Sleeping          |       |       |       |       |       |     1 |       |       |     1 ||     2
  Eat: Chunk             |     1 |     5 |    17 |    25 |    16 |    36 |    24 |    21 |    26 ||   171
       Ration            |       |     1 |       |     3 |     6 |     5 |     1 |     1 |    18 ||    35
Armor: Leather armour    |    32 |    70 |   163 |    26 |       |       |       |       |       ||   291
       Plate armour      |       |       |       |   379 |    98 |       |       |       |       ||   477
       Skin              |       |       |       |     1 |       |       |       |       |     5 ||     6
       Chain mail        |       |       |       |       |   418 |       |       |       |       ||   418
       Crystal plate arm |       |       |       |       |   689 |  2722 |   849 |   613 |  3037 ||  7910
Dodge: Dodged            |    38 |   142 |   288 |   685 |  1617 |  2323 |  1065 |   848 |  3398 || 10404
Block: Other             |       |       |       |   278 |   393 |   629 |   117 |       |       ||  1417
       Reflection        |       |       |       |     6 |    10 |    13 |    59 |    54 |     2 ||   144
       Buckler           |       |       |       |       |       |       |   556 |   835 |  1832 ||  3223

Table legend:
 A = Non-vault XP
 B = Vault XP
 C = Vault XP percentage of total XP
 D = Non-vault monster count
 E = Vault monster count
 F = Vault count percentage of total count
                 A         B        C        D         E       F
            +---------+---------+-------+---------+---------+-------
      Total |  958401 |  787249 |  45.1 |    1826 |     930 |  33.7
            +---------+---------+-------+---------+---------+-------
        D:1 |      24 |       0 |   0.0 |      13 |       0 |   0.0
        D:2 |      69 |       0 |   0.0 |      23 |       0 |   0.0
        D:3 |     178 |      76 |  29.9 |      36 |       2 |   5.3
        D:4 |     308 |       0 |   0.0 |      15 |       0 |   0.0
        D:5 |     519 |    1317 |  71.7 |      22 |      71 |  76.3
        D:6 |    1079 |       0 |   0.0 |      31 |       0 |   0.0
        D:7 |    1558 |       0 |   0.0 |      39 |       0 |   0.0
        D:8 |    1364 |     730 |  34.9 |      29 |       2 |   6.5
        D:9 |     958 |     617 |  39.2 |      26 |       3 |  10.3
       D:10 |    2344 |       0 |   0.0 |      29 |       0 |   0.0
       D:11 |    7145 |       0 |   0.0 |      53 |       0 |   0.0
       D:12 |    3408 |    1066 |  23.8 |      31 |       3 |   8.8
       D:13 |    6304 |       0 |   0.0 |      31 |       0 |   0.0
       D:14 |   13965 |   10048 |  41.8 |      62 |      23 |  27.1
       D:15 |    5847 |     349 |   5.6 |      18 |       1 |   5.3
     Lair:1 |    2957 |    1278 |  30.2 |      13 |       8 |  38.1
     Lair:2 |    3356 |     147 |   4.2 |      13 |       1 |   7.1
     Lair:3 |    6095 |    1563 |  20.4 |      23 |       2 |   8.0
     Lair:4 |    5161 |       0 |   0.0 |      22 |       0 |   0.0
     Lair:5 |    3641 |     957 |  20.8 |      11 |       5 |  31.2
     Lair:6 |    5115 |   10128 |  66.4 |      25 |      27 |  51.9
   Shoals:1 |   11629 |       0 |   0.0 |      27 |       0 |   0.0
   Shoals:2 |    8155 |    3391 |  29.4 |      18 |       7 |  28.0
   Shoals:3 |    6200 |    2080 |  25.1 |      15 |       1 |   6.2
   Shoals:4 |   21960 |   22092 |  50.1 |      42 |      39 |  48.1
   Spider:1 |   17218 |       0 |   0.0 |      52 |       0 |   0.0
   Spider:2 |   18309 |    6226 |  25.4 |      47 |       4 |   7.8
   Spider:3 |   12219 |    4435 |  26.6 |      37 |       3 |   7.5
   Spider:4 |   11534 |   19576 |  62.9 |      29 |      45 |  60.8
      Orc:1 |    2998 |    6004 |  66.7 |      16 |      28 |  63.6
      Orc:2 |    1428 |   12954 |  90.1 |      26 |      37 |  58.7
      Elf:1 |   11953 |    6542 |  35.4 |      23 |      10 |  30.3
      Elf:2 |   20769 |   28019 |  57.4 |      32 |      35 |  52.2
      Elf:3 |   19015 |   39229 |  67.4 |      33 |      26 |  44.1
   Vaults:1 |   36793 |   34176 |  48.2 |      69 |      56 |  44.8
   Vaults:2 |   35793 |   27245 |  43.2 |      56 |      45 |  44.6
   Vaults:3 |   52376 |   11214 |  17.6 |      87 |      14 |  13.9
   Vaults:4 |   26253 |   33211 |  55.9 |      27 |      37 |  57.8
   Depths:1 |   45431 |   24245 |  34.8 |      56 |      32 |  36.4
   Depths:2 |   26863 |   15422 |  36.5 |      31 |      17 |  35.4
   Depths:3 |    3131 |  146768 |  97.9 |       9 |      95 |  91.3
   Depths:4 |   16669 |   78283 |  82.4 |      15 |      32 |  68.1
   Depths:5 |   31506 |   30749 |  49.4 |      39 |      32 |  45.1
       Hell |    6877 |   13860 |  66.8 |      14 |      22 |  61.1
      Zot:1 |   43635 |   10970 |  20.1 |      26 |       3 |  10.3
      Zot:2 |   51359 |   15433 |  23.1 |      32 |      12 |  27.3
      Zot:3 |   75169 |    2145 |   2.8 |      41 |       1 |   2.4
      Zot:4 |   47732 |   10346 |  17.8 |      26 |       2 |   7.1
      Zot:5 |   90418 |  123838 |  57.8 |      57 |      38 |  40.0
    Abyss:1 |     732 |       0 |   0.0 |       1 |       0 |   0.0
    Abyss:2 |   32125 |       0 |   0.0 |      65 |       0 |   0.0
    Abyss:3 |   48703 |    2413 |   4.7 |     103 |       6 |   5.5
    Abyss:4 |   32991 |   11654 |  26.1 |      62 |      15 |  19.5
    Abyss:5 |   19063 |    2705 |  12.4 |      48 |       9 |  15.8
    Ossuary |       0 |     311 | 100.0 |       0 |      39 | 100.0
      IceCv |       0 |    3872 | 100.0 |       0 |      19 | 100.0
    Volcano |       0 |    4525 | 100.0 |       0 |      14 | 100.0
   Gauntlet |       0 |    5040 | 100.0 |       0 |       7 | 100.0
            +---------+---------+-------+---------+---------+-------
